 Dungeon Crawl Stone Soup version 0.27.0-1-g7a089689b8 (webtiles) character file.

Game seed: 103244640200948352

9880720 wakim the Archmage (level 27, 192/192 HPs)
             Began as a Deep Elf Conjurer on Aug 6, 2021.
             Was the Champion of Vehumet.
             Escaped with the Orb
             ... and 15 runes on Aug 7, 2021!
             The game lasted 09:25:09 (176389 turns).

wakim the Archmage (Deep Elf Conjurer)            Turns: 176389, Time: 09:25:10

Health: 192/192    AC: 49    Str:  4    XL:     27
Magic:  42/65      EV:  9    Int: 45    God:    Vehumet [******]
Gold:   19076      SH: 34    Dex: 11    Spells: 0/80 levels left

rFire    + + +     SeeInvis +   a - +3 Elemental Staff {rElec rF++ rC++ Will++ AC+5}
rCold    + + +     Faith    .   c - +8 tower shield {reflect}
rNeg     + + +     Spirit   .   z - +1 pearl dragon scales "Qostriv" {rN+ Slay+3}
rPois    ∞         Reflect  +   n - +0 hat "Golit" {Fly Will+ Int+4 Stlth+}
rElec    +         Harm     .   b - +2 cloak of the Comet {rN+ Will+ Str-2 SInv}
rCorr    +         Rampage  .   P - +3 pair of gauntlets of War {Slay+5}
Will     +++++                  B - +2 pair of boots "Miesurubewk" {rCorr}
Stlth    +++.......             m - amulet "Joer" {Reflect MP+9 Dex+2 SH+5}
HPRegen  0.42/turn              o - ring of the Tortoise {AC+8}
MPRegen  0.39/turn              q - ring "Ybyss" {+Blink rElec rF+ Int+6 Dex-4}

@: lich-form, flying, studying 7 skills
A: draining attack, torment immunity, no potions, iridescent scales 1, fire
resistance 1, sense surroundings 1
0: Orb of Zot
}: 15/15 runes: decaying, slimy, silver, golden, iron, obsidian, icy, bone,
abyssal, demonic, glowing, magical, fiery, dark, gossamer
a: End Transformation, Renounce Religion, Evoke Blink


You escaped.
You worshipped Vehumet.
Vehumet was exalted by your worship.
You were an undead lich.
You visited 18 branches of the dungeon, and saw 90 of its levels.
You visited Pandemonium 1 time, and saw 12 of its levels.
You visited the Abyss 1 time.
You completed 1 ziggurat, and saw 27 of its levels.
You also visited: Gauntlet, Ice Cave and Desolation.

You collected 25847 gold pieces.
You spent 6771 gold pieces at shops.

Inventory:

Hand Weapons
 a - the +3 Elemental Staff (weapon) {rElec rF++ rC++ Will++ AC+5}
   (You bought it in a shop on level 2 of the Orcish Mines)

   If the wielder is skilled in Evocations, they can discharge powerful blasts
   of elemental energy when striking with it.
   It enhances your fire, ice, earth and air magic.
   AC:        It affects your AC (+5).
   rF:        It greatly protects you from fire.
   rC:        It greatly protects you from cold.
   rElec:     It insulates you from electricity.
   Will:      It greatly increases your willpower.
 v - the +6 sword of Cerebov {flame}
   (You took it off Cerebov in Pandemonium)

   It burns those it strikes, dealing additional fire damage.
   Big, fiery blades are also staple armaments of hydra-hunters.
   It temporarily reduces the fire resistance of those it strikes.
Missiles
 e - 8 throwing nets {=f!f}
Armour
 b - the +2 cloak of the Comet (worn) {rN+ Will+ Str-2 SInv}
   (You found it on level 5 of the Pits of Slime)

   Str:       It affects your strength (-2).
   rN:        It protects you from negative energy.
   SInv:      It lets you see invisible.
   Will:      It increases your willpower.
 c - a +8 tower shield of reflection (worn)
 n - the +0 hat "Golit" (worn) {Fly Will+ Int+4 Stlth+}
   (You acquired it on level 8 of the Dungeon)

   Int:       It affects your intelligence (+4).
   Fly:       It grants you flight.
   Will:      It increases your willpower.
   Stlth:     It makes you more stealthy.
 x - the +5 scale mail "Dagum" {rC+ Will+}
   (You found it on level 11 of a ziggurat)

   rC:        It protects you from cold.
   Will:      It increases your willpower.
 z - the +1 pearl dragon scales "Qostriv" (worn) {rN+ Slay+3}
   (You found it on level 17 of a ziggurat)

   Slay:      It affects your accuracy & damage with ranged weapons and melee
   (+3).
   rN:        It protects you from negative energy.
 B - the +2 pair of boots "Miesurubewk" (worn) {rCorr}
   (You found it on level 1 of the Depths)

   rCorr:     It protects you from acid and corrosion.
 P - the +3 pair of gauntlets of War (worn) {Slay+5}
   (You found it on level 4 of a ziggurat)

   Slay:      It affects your accuracy & damage with ranged weapons and melee
   (+5).
Jewellery
 f - the ring "Vicvui" {rN+ Str+4 SInv}
   (You found it in the Desolation of Salt)

   [ring of positive energy]

   Str:       It affects your strength (+4).
   rN:        It protects you from negative energy.
   SInv:      It lets you see invisible.
 g - the ring of Porhia {Fly rElec}
   (You found it on level 26 of a ziggurat)

   [ring of flight]

   rElec:     It insulates you from electricity.
   Fly:       It grants you flight.
 i - the ring "Qebuqor" {rF+ rN+ rCorr MP+9 Str-3}
   (You found it in Pandemonium)

   [ring of magical power]

   Str:       It affects your strength (-3).
   rF:        It protects you from fire.
   rN:        It protects you from negative energy.
   MP:        It affects your magic capacity (+9).
   rCorr:     It protects you from acid and corrosion.
 j - the amulet of Patience {Reflect rPois rF+ SH+5}
   (You found it on level 3 of the Crypt)

   [amulet of reflection]

   It reflects blocked missile attacks.
   rF:        It protects you from fire.
   rPois:     It protects you from poison.
   SH:        It affects your SH (+5).
 l - the ring of the Crushed Violins {+Blink rElec rC+ Slay+3}
   (You found it on level 21 of a ziggurat)

   [ring of protection from cold]

   Slay:      It affects your accuracy & damage with ranged weapons and melee
   (+3).
   rC:        It protects you from cold.
   rElec:     It insulates you from electricity.
   +Blink:    It lets you blink.
 m - the amulet "Joer" (around neck) {Reflect MP+9 Dex+2 SH+5}
   (You found it on level 16 of a ziggurat)

   [amulet of reflection]

   It reflects blocked missile attacks.
   Dex:       It affects your dexterity (+2).
   MP:        It affects your magic capacity (+9).
   SH:        It affects your SH (+5).
 o - the ring of the Tortoise (left hand) {AC+8}
   (You found it in a Gauntlet)

   [ring of protection]

   AC:        It affects your AC (+8).
 q - the ring "Ybyss" (right hand) {+Blink rElec rF+ Int+6 Dex-4}
   (You found it on level 7 of Tartarus)

   [ring of intelligence]

   Int:       It affects your intelligence (+6).
   Dex:       It affects your dexterity (-4).
   rF:        It protects you from fire.
   rElec:     It insulates you from electricity.
   +Blink:    It lets you blink.
 Q - the ring of Symmetry {Fly rElec rN+ Int+3 Slay+2}
   (You found it on level 21 of a ziggurat)

   [ring of positive energy]

   Int:       It affects your intelligence (+3).
   Slay:      It affects your accuracy & damage with ranged weapons and melee
   (+2).
   rElec:     It insulates you from electricity.
   rN:        It protects you from negative energy.
   Fly:       It grants you flight.
Wands
 t - a wand of digging (26)
 u - a wand of mindburst (105)
 w - a wand of acid (81)
 y - a wand of paralysis (26)
Scrolls
 d - 6 scrolls of enchant armour
 h - a scroll of acquirement
 r - 2 scrolls of enchant weapon
 s - 14 scrolls of amnesia
 G - 2 scrolls of torment {!r}
 R - 10 scrolls of magic mapping {!r}
 S - a scroll of summoning
 T - 56 scrolls of teleportation
 U - 10 scrolls of fear
 W - 8 scrolls of holy word {!r}
 X - 15 scrolls of fog
 Y - 15 scrolls of blinking {!r}
 Z - 2 scrolls of silence {!r}
Potions
 A - 3 potions of ambrosia
 D - 14 potions of brilliance
 E - 17 potions of cancellation
 F - 39 potions of curing
 H - 20 potions of haste
 I - 2 potions of invisibility
 J - 27 potions of heal wounds
 K - a potion of magic
 L - 12 potions of lignification {!q}
 M - 26 potions of mutation {!q}
 N - 14 potions of might
 O - 11 potions of resistance
Miscellaneous
 k - 2 +1 figurines of a ziggurat


   Skills:
 - Level 24.8 Fighting
 - Level 10.0 Short Blades
 - Level 12.0 Staves
 - Level 13.3 Armour
 - Level 25.6 Dodging
 - Level 21.6 Stealth
 - Level 25.0 Shields
 O Level 27 Spellcasting
 O Level 27 Conjurations
 + Level 24.6 Necromancy
 - Level 12.0 Translocations
 + Level 24.0 Transmutations
 + Level 25.5 Fire Magic
 O Level 27 Ice Magic
 + Level 25.0 Air Magic
 + Level 25.5 Earth Magic
 - Level 15.0 Evocations


You couldn't memorise any spells.
You knew the following spells:

 Your Spells              Type           Power      Damage    Failure   Level
a - Fire Storm            Conj/Fire      82%        8d21      3%          9
b - Bolt of Magma         Conj/Fire/Erth 95%        4d35      0%          5
c - Starburst             Conj/Fire      82%        8x6d21    0%          6
d - Necromutation         Tmut/Necr      80%        N/A       1%          8
e - Ozocubu's Armour      Ice            100%       N/A       0%          3
f - Ignition              Fire           82%        3d21      1%          8
g - Maxwell's Capacitive  Air            81%        ∞         1%          8
h - Chain Lightning       Conj/Air       82%        3d109     3%          9
i - Polar Vortex          Ice            83%        N/A       2%          9
j - Shatter               Erth           82%        3d59*     4%          9
x - Dispersal             Tloc           53%        N/A       5%          6

Your spell library contained the following spells:

 Spells                   Type           Power      Damage    Failure   Level
 Lehudib's Crystal Spear  Conj/Erth      82%        10d18     1%          8
 Animate Skeleton         Necr           100%       N/A       0%          1
 Beastly Appendage        Tmut           100%       N/A       0%          1
 Foxfire                  Conj/Fire      100%       2x1d9     0%          1
 Freeze                   Ice            100%       1d11      0%          1
 Magic Dart               Conj           100%       1d8       0%          1
 Pain                     Necr           100%       1d9       0%          1
 Sandblast                Erth           100%       2d20      0%          1
 Shock                    Conj/Air       100%       1d9       0%          1
 Corpse Rot               Necr/Air       N/A        N/A       0%          2
 Passwall                 Tmut/Erth      100%       N/A       0%          2
 Searing Ray              Conj           100%       3d7       0%          2
 Static Discharge         Conj/Air       100%       N/A       0%          2
 Sublimation of Blood     Necr           81%        N/A       0%          2
 Wereblood                Tmut           100%       N/A       0%          2
 Conjure Flame            Conj/Fire      100%       6-21      0%          3
 Frozen Ramparts          Ice            100%       1d12      0%          3
 Ignite Poison            Fire/Tmut/Pois 100%       N/A       0%          3
 Mephitic Cloud           Conj/Pois/Air  100%       N/A       0%          3
 Stone Arrow              Conj/Erth      100%       3d13      0%          3
 Swiftness                Air            100%       N/A       0%          3
 Vampiric Draining        Necr           81%        2d17      0%          3
 Airstrike                Air            81%        N/A       0%          4
 Animate Dead             Necr           81%        N/A       0%          4
 Dispel Undead            Necr           100%       3d31      0%          4
 Hailstorm                Conj/Ice       100%       3d20      0%          4
 Ice Form                 Ice/Tmut       100%       N/A       0%          4
 Iskenderun's Mystic Bla  Conj/Tloc      100%       2d19      0%          4
 Petrify                  Tmut/Erth      100%       N/A       0%          4
 Sticky Flame             Conj/Fire      100%       2d11      0%          4
 Agony                    Necr           100%       N/A       0%          5
 Blade Hands              Tmut           67%        N/A       0%          5
 Borgnjor's Vile Clutch   Necr/Erth      94%        N/A       0%          5
 Excruciating Wounds      Necr           81%        N/A       0%          5
 Fireball                 Conj/Fire      82%        3d30      0%          5
 Freezing Cloud           Conj/Ice/Air   96%        6-21      0%          5
 Irradiate                Conj/Tmut      69%        3d36      0%          5
 Iskenderun's Battlesphe  Conj           100%       2d15      0%          5
 Lee's Rapid Deconstruct  Erth           82%        3d37*     0%          5
 Lightning Bolt           Conj/Air       82%        1d109     0%          5
 Conjure Ball Lightning   Conj/Air       82%        3x3d31    0%          6
 Iron Shot                Conj/Erth      82%        9d15      0%          6
 Apportation              Tloc           100%       N/A       1%          1
 Sting                    Tmut/Pois      100%       1d8       1%          1
 Blink                    Tloc           N/A        N/A       1%          2
 Ensorcelled Hibernation  Hex/Ice        100%       N/A       1%          2
 Poisonous Vapours        Pois/Air       100%       N/A       1%          2
 Dazzling Flash           Conj/Hex       100%       N/A       1%          3
 Gell's Gravitas          Tloc           53%        N/A       1%          3
 Inner Flame              Hex/Fire       100%       N/A       1%          3
 Lesser Beckoning         Tloc           53%        N/A       1%          3
 Portal Projectile        Hex/Tloc       100%       N/A       1%          3
 Spider Form              Tmut/Pois      53%        N/A       1%          3
 Teleport Other           Tloc           100%       N/A       1%          3
 Animate Armour           Summ/Erth      100%       N/A       1%          4
 Fulminant Prism          Conj/Hex       55%        3d25      1%          4
 Leda's Liquefaction      Hex/Erth       66%        N/A       1%          4
 Passage of Golubria      Tloc           N/A        N/A       1%          4
 Summon Ice Beast         Ice/Summ       100%       N/A       1%          4
 Summon Lightning Spire   Summ/Air       100%       N/A       1%          4
 Alistair's Intoxication  Tmut/Pois      70%        N/A       1%          5
 Manifold Assault         Tloc           100%       N/A       1%          5
 Metabolic Englaciation   Hex/Ice        67%        N/A       1%          5
 Silence                  Hex/Air        65%        N/A       1%          5
 Yara's Violent Unravell  Hex/Tmut       53%        3d20      1%          5
 Death Channel            Necr           81%        N/A       1%          6
 Eringya's Noxious Bog    Tmut/Pois      53%        N/A       1%          6
 Simulacrum               Ice/Necr       95%        N/A       1%          6
 Statue Form              Tmut/Erth      100%       N/A       1%          6
 Dragon Form              Tmut           67%        N/A       1%          7
 Orb of Destruction       Conj           70%        9d18      1%          7
 Ozocubu's Refrigeration  Ice            83%        4d21      1%          7
 Storm Form               Tmut/Air       81%        N/A       1%          7
 Borgnjor's Revivificati  Necr           81%        N/A       1%          8
 Infestation              Necr           81%        N/A       1%          8
 Corona                   Hex            63%        N/A       4%          1
 Summon Small Mammal      Summ           100%       N/A       4%          1
 Spellforged Servitor     Conj/Summ      55%        N/A       4%          7
 Call Imp                 Summ           57%        N/A       8%          2
 Slow                     Hex            57%        N/A       8%          2
 Summon Forest            Summ/Tloc      43%        N/A       12%         5
 Olgreb's Toxic Radiance  Pois           57%        N/A       13%         4
 Call Canine Familiar     Summ           57%        N/A       16%         3
 Summon Guardian Golem    Hex/Summ       57%        N/A       16%         3
 Tukima's Dance           Hex            57%        N/A       16%         3
 Death's Door             Necr           81%        N/A       21%         9
 Haunt                    Necr/Summ      65%        N/A       26%         7
 Cause Fear               Hex            28%        N/A       45%         4
 Summon Mana Viper        Hex/Summ       57%        N/A       80%         5
 Disjunction              Tloc           53%        N/A       94%         8
 Malign Gateway           Summ/Tloc      43%        N/A       98%         7
 Invisibility             Hex            28%        N/A       100%        6
 Shadow Creatures         Summ           N/A        N/A       100%        6
 Monstrous Menagerie      Summ           28%        N/A       100%        7
 Summon Hydra             Summ           28%        N/A       100%        7
 Discord                  Hex            28%        N/A       100%        8
 Dragon's Call            Summ           28%        N/A       100%        9


Dungeon Overview and Level Annotations

Branches:
Dungeon (15/15)            Temple (1/1) D:5            Lair (6/6) D:8
  Swamp (4/4) Lair:4       Spider (4/4) Lair:4        Slime (5/5) Lair:6
    Orc (2/2) D:11            Elf (3/3) Orc:2        Vaults (5/5) D:14
  Crypt (3/3) Vaults:2       Tomb (3/3) Crypt:3      Depths (5/5) D:15
   Hell (visited)             Dis (7/7) Hell            Geh (7/7) Hell
    Coc (7/7) Hell            Tar (7/7) Hell            Zot (5/5) Depths:5
  IceCv (visited)         Desolation (visited)      Gauntlet (visited)

Altars:
Ashenzari
Cheibriados
Dithmenos
Elyvilon
Fedhas
Gozag
Hepliaklqana
Kikubaaqudgha
Makhleb
Nemelex Xobeh
Okawaru
Qazlal
Ru
Sif Muna
Trog
Uskayaw
Vehumet
Wu Jian
Xom
Yredelemnul
Zin
The Shining One
Jiyva
Lugonu

Shops:
D:4 (((   D:6 [   D:8 (   D:10 !   Orc:2 ?*(:   Elf:2 =   Vaults:1 *
Vaults:2 !   Vaults:3 (   Vaults:4 !:(   Depths:3 ((   Depths:4 :(

Portals:
Hell: Depths:1 Depths:2 Depths:3 Depths:4 Depths:5
Abyss: Depths:3 Depths:4 Depths:5
Pandemonium: Orc:2 Depths:3
Trove: Depths:4 (give +4 fire dragon scales)

Annotations:
Orc:1 1 transporter


Innate Abilities, Weirdness & Mutations

You are an undead lich.
Your unarmed attacks are suffused with negative energy.
You are immune to unholy pain and torment.
Your necromantic spells are more powerful.
You are immune to poison.
You cannot drink.
You are partially covered in iridescent scales. (AC +2)
Your flesh is heat resistant. (rF+)
You passively map a small area around you.


Message History

Casting: Chain Lightning (dangerous; 3% risk of failure)
Confirm with . or Enter, or press ? or * to list all spells.
Your body is suffused with negative energy!
The seraph shouts a warning to its allies!
Casting: Necromutation (dangerous; 1% risk of failure)
Confirm with . or Enter, or press ? or * to list all spells.
Casting: Maxwell's Capacitive Coupling (mildly dangerous; 1% risk of failure)
Press: ? - help, Dir - look around, f - activate You feel a surge of power!
You begin accumulating electric charge. (Press . to continue charging.)
The seraph gestures.
The seraph gestures.
The seraph begins to accept its allies' injuries.
The electricity discharges through the seraph!
The seraph vaporises in an electric haze!
You kill the seraph!
Vehumet accepts your kill.
You feel your power returning.
The angel dissolves into sparkling lights! x2
The cherub unwields a +1 long sword of flaming.
It stops flaming.
The cherub wields a +0 shortbow.
The cherub shoots an arrow.
You reflect the arrow off your +8 tower shield of reflection!
The arrow hits the cherub!
The cherub shoots an arrow.
You reflect the arrow off your +8 tower shield of reflection!
The arrow hits the cherub!
Casting: Maxwell's Capacitive Coupling (mildly dangerous; 1% risk of failure)
Confirm with . or Enter, or press ? or * to list all spells.
You feel a surge of power! Lightning arcs from your hands!
The bolt of lightning hits the cherub!!
The cherub resists.
The cherub is severely wounded.
The cherub shoots an arrow.
You reflect the arrow off your +8 tower shield of reflection!
The arrow closely misses the cherub.
Casting: Chain Lightning (dangerous; 3% risk of failure)
Confirm with . or Enter, or press ? or * to list all spells.
You feel a surge of power!
The dungeon rumbles!
Ka-crash!
There is a staircase leading out of the dungeon here.
You have escaped!

##......###.......###......##..
#....###.............###....#..
##...#......#######......#...##.
#...#.....### ###.....#...#.
#...#....## ##....#...#.
#...#....## ##....#...#.
#...#.....### *####.....#...##
##...#......#####........#...###
#....###......L......###....###
##......###.......###......###.
###.......####.#........### #.
####..............##### #.
######..####### #. * #.#..# ##
..##.## ## ..##*#.# ### #. #.
#A###########.###.


There were no monsters in sight!

Vanquished Creatures
  Cerebov (Pan)
  Asmodeus (Geh:7)
  Antaeus (Coc:7)
  the Royal Jelly (Slime:5)
  Gloorx Vloq (Pan)
  Ereshkigal (Tar:7)
  Mnoleg (Pan)
  2 seraphim
  Lom Lobon (Pan)
  Dispater (Dis:7)
  5 dread liches
  Khufu (Tomb:3)
  7 ancient liches
  The ghost of stpyramids the Champion of Chaos, a legendary DDFi of Makhleb (Zot:3)
  Mara (Depths:3)
  5 orbs of fire
  19 juggernauts
  Mennas (Vaults:2)
  57 royal mummies
  Sojobo (Depths:1)
  Frederick (Depths:5)
  Boris (Tomb:3)
  Bai Suzhen (Spider:3)
  18 shard shrikes
  7 pandemonium lords
  Saint Roka (Crypt:3)
  4 Killer Klowns
  Margery (Depths:5)
  3 curse toes
  A caustic shrike (Zig:8)
  15 golden dragons
  Geryon (Hell)
  4 profane servitors
  31 bone dragons
  Jory (Crypt:3)
  Nikola (Spider:3)
  A pearl dragon (Pan)
  11 iron giants
  60 Tzitzimimeh
  17 doom hounds
  19 Brimstone Fiends
  9 electric golems
  4 hellephants (Dis:7)
  24 tentacled monstrosities
  25 Ice Fiends
  16 liches
  16 Hell Sentinels
  27 Orb Guardians
  Asterion (Elf:1)
  11 deep elf master archers
  12 deep elf blademasters
  11 titans
  Murray (Hell)
  52 acid blobs
  A sphinx (shapeshifter) (D:13)
  8 quicksilver dragons
  8 death cobs
  19 sphinxes
  30 Executioners
  30 ancient champions
  3 tentacled starspawn (Abyss:3)
  Agnes (Elf:1)
  5 thorn hunters
  22 shadow dragons
  13 revenants
  34 rockslimes
  19 storm dragons
  Roxanne (Elf:1)
  9 tengu reavers
  17 daevas
  A fenstrider witch (Swamp:1)
  5 draconian scorchers
  20 azure jellies
  13 frost giants
  9 draconian monks
  20 nagarajas
  19 iron dragons
  Louise (Depths:4)
  5 fire giants
  12 draconian knights
  22 vault wardens
  10 orc warlords
  3 imperial myrmidons (Desolation)
  9 ghost moths
  9 deep elf sorcerers
  A frost giant (shapeshifter) (Vaults:5)
  39 balrugs
  9 draconian annihilators
  27 cacodemons
  26 angels (Pan)
  10 draconian shifters
  8 curse skulls
  9 ghouls
  A caustic shrike zombie (Depths:2)
  3 emperor scorpions (Spider:4)
  5 draconian stormcallers
  8 deep elf elementalists (Elf:3)
  23 ironbound preservers
  13 warmongers (Pan)
  The ghost of inmateoo the Fighter, a journeyman OgDe of Okawaru (D:11)
  19 quicksilver oozes
  2 spriggan defenders
  149 reapers
  2 juggernaut zombies
  4 blood saints
  35 very ugly things
  27 war gargoyles
  6 black suns (Pan)
  3 elemental wellsprings (Coc:7)
  A caustic shrike skeleton (Zig:27)
  23 stone giants
  36 vampire knights
  19 apis (Pan)
  14 bennus
  10 ophanim
  15 green draconians
  3 corrupters (Pan)
  19 spark wasps
  10 deep elf annihilators
  19 black draconians
  14 deep elf demonologists
  4 lorocyprocas (Pan)
  18 purple draconians
  A spark wasp (shapeshifter) (Depths:4)
  A minotaur (Gauntlet)
  15 white draconians
  2 bunyips (Swamp:2)
  17 yellow draconians
  12 eidola
  10 red draconians
  A bunyip (shapeshifter) (Vaults:5)
  8 entropy weavers
  9 dire elephants
  4 eleionomae
  11 ettins
  8 fire dragons
  14 deep elf death magi
  4 merfolk javelineers
  Snorg (Orc:2)
  28 blizzard demons
  24 green deaths
  9 quicksilver dragon zombies
  4 servants of whispers (Desolation)
  39 mummy priests
  2 shambling mangroves
  17 great orbs of eyes
  3 kraken zombies
  4 merfolk impalers
  Josephine (Lair:5)
  2 crystal guardians (Desolation)
  24 jiangshi
  38 ice dragons
  9 ragged hierophants (Desolation)
  10 yaktaur captains
  15 quicksilver dragon skeletons
  11 rakshasas
  14 deep elf high priests
  4 ironbound thunderhulks
  14 salamander tyrants
  39 vault guards
  3 catoblepae
  9 monstrous demonspawn (Pan)
  2 naga warriors
  30 hydras
  9 boulder beetles
  5 hell beasts
  An anaconda (Zig:15)
  3 ogre magi
  16 spriggan air magi
  7 peacekeepers
  6 ghost crabs
  A merfolk avatar (Abyss:3)
  7 ironbound frosthearts
  4 merfolk aquamancers (Zig:16)
  7 centaur warriors
  14 alligators
  8 two-headed ogres
  42 dancing weapons
  3 death knights (Crypt:1)
  An anaconda (shapeshifter) (Depths:1)
  Erica (D:11)
  41 death scarabs
  5 deep troll shamans
  A spectral dire elephant (Lair:6)
  5 thrashing horrors (Abyss:3)
  16 titan zombies
  20 tengu warriors
  4 death yaks
  35 vampire magi
  18 orc high priests
  2 satyrs (Zig:16)
  17 shock serpents
  5 deep troll earth magi
  5 naga sharpshooters
  61 hell hogs
  102 hell knights
  14 iron golems
  8 titan skeletons
  12 spriggan berserkers
  70 sun demons
  24 deep elf knights
  54 soul eaters
  A spectral death yak (Lair:6)
  30 sixfirhies
  4 ironbound beastmasters
  3 wretched stars
  16 storm dragon zombies
  206 skeletal warriors
  2 fire crabs
  28 iron trolls
  A spatial maelstrom (Abyss:3)
  2 goliath frogs
  3 salamander mystics
  9 cherubim (Pan)
  35 shadow wraiths
  A spectral anaconda (Lair:6)
  69 deep trolls
  15 storm dragon skeletons
  13 glowing orange brains
  A sea snake (shapeshifter) (Depths:4)
  2 orange crystal statues
  7 gelid demonspawn
  23 flayed ghosts
  10 spriggan druids
  3 ghost moth zombies
  2 quicksilver dragon simulacra (Depths:2)
  A sea snake (Zig:16)
  A glowing orange brain (shapeshifter) (D:12)
  7 infernal demonspawn
  Pikel (D:5)
  6 bog bodies
  3 obsidian statues
  A kraken simulacrum (Hell)
  37 shadow demons
  21 anaconda zombies
  A tengu zombie (Zig:20)
  A goliath frog zombie (Crypt:3)
  19 golden dragon zombies
  17 swamp dragons
  2 death drakes
  10 golden dragon skeletons
  10 shadow dragon zombies
  14 deep elf archers
  7 torturous demonspawn
  20 wizards
  14 orc knights
  12 anaconda skeletons
  2 naga ritualists
  20 ironbound convokers
  36 deep elf pyromancers
  49 ugly things
  50 phantasmal warriors
  8 mana vipers
  31 necromancers
  A sphinx zombie (Zig:20)
  8 wolf spider zombies
  2 lindwurms
  23 orb spiders
  40 deep elf zephyrmancers
  8 harpies
  2 mana vipers (shapeshifter)
  4 fauns (Zig:16)
  15 stone giant zombies
  A shining eye (shapeshifter) (Depths:4)
  21 shining eyes
  14 frost giant zombies
  9 shadow dragon skeletons
  10 iron dragon zombies
  27 wolf spiders
  12 orc sorcerers
  3 will-o-the-wisps
  15 fire giant zombies
  A salamander (Zig:9)
  10 manticores
  3 cyclopes
  31 moths of wrath
  9 elephants
  4 worldbinders
  12 fire giant skeletons
  11 guardian serpents
  A manticore (shapeshifter) (Vaults:5)
  20 black mambas
  15 dire elephant zombies
  4 water nymphs (Zig:16)
  24 vault sentinels
  2 shock serpent zombies
  7 centaur zombies
  A black mamba (shapeshifter) (D:13)
  2 apocalypse crabs
  10 iron dragon skeletons
  3 merfolk sirens
  62 rust devils
  15 stone giant skeletons
  11 eyes of devastation
  A shock serpent skeleton (Tar:7)
  7 frost giant skeletons
  54 smoke demons
  5 gargoyles
  7 naga magi
  4 torpor snails
  16 cane toads
  A storm dragon simulacrum (Tar:6)
  59 hellions
  7 ice statues
  24 molten gargoyles
  24 orange demons
  9 unseen horrors
  6 spriggan zombies
  3 catoblepas zombies
  11 dire elephant skeletons
  7 komodo dragons
  53 freezing wraiths
  A minotaur zombie (Geh:6)
  38 demonic crawlers
  5 emperor scorpion zombies
  8 rime drakes
  4 kobold demonologists
  34 yaktaurs
  9 tengu conjurers
  14 efreet
  An iron troll zombie (Crypt:1)
  A catoblepas skeleton (Tar:1)
  27 hydra zombies
  83 tormentors
  89 guardian mummies
  99 ice devils
  A yellow draconian skeleton (Tar:7)
  An anaconda simulacrum (Hell)
  A black draconian skeleton (Tomb:3)
  A death yak skeleton (Crypt:3)
  A golden dragon simulacrum (Zig:14)
  A sea snake skeleton (Crypt:1)
  5 elf skeletons
  4 entropy weaver simulacra (IceCv)
  A spark wasp simulacrum (Zig:14)
  9 silent spectres
  8 harpy zombies
  21 hellwings
  3 polar bears
  9 trolls
  55 red devils
  4 ancient zymes
  18 jumping spiders
  2 bloated husks
  A tengu simulacrum (Zig:14)
  7 harpy skeletons
  15 tyrant leeches
  12 ice dragon zombies
  18 merfolk
  2 spectral elephants (Lair:6)
  10 alligator zombies
  3 wind drakes
  156 slime creatures
  22 hornets
  51 saltlings
  An iron dragon simulacrum (Coc:5)
  9 fire dragon zombies
  A human simulacrum (Vaults:2)
  A stone giant simulacrum (Coc:7)
  A dream sheep (shapeshifter) (Zig:24)
  30 blink frogs
  2 frost giant simulacra
  13 raiju
  19 hydra skeletons
  A blink frog (shapeshifter) (Elf:2)
  6 snapping turtles
  14 air elementals
  17 ettin zombies
  214 flying skulls
  8 fire dragon skeletons
  2 black mamba zombies
  17 spriggans
  3 alligator skeletons
  21 tarantellas
  2 dire elephant simulacra (IceCv)
  49 shadows
  26 vampires
  23 ushabtiu
  31 ynoxinuls
  A deep troll skeleton (D:15)
  73 redbacks
  15 ettin skeletons
  A spriggan skeleton (D:15)
  34 water elementals
  46 wraiths
  20 humans (D:14)
  8 ice dragon skeletons
  3 basilisks
  3 elf zombies
  41 yaks
  3 black mamba skeletons
  4 wyverns
  18 golden eyes
  40 fire elementals
  2 golden eyes (shapeshifter)
  38 chaos spawn
  2 fire bats (Abyss:1)
  2 death yak simulacra (Lair:6)
  A spectral cane toad (Lair:6)
  28 neqoxecs
  Menkaure (D:7)
  4 steam dragons
  4 harpy simulacra (IceCv)
  4 nagas (Zig:15)
  6 vampire mosquitoes (D:12)
  8 wargs
  17 swamp worms
  3 acid dragons
  130 hell hounds
  An orb spider zombie (Crypt:1)
  3 hydra simulacra
  35 large abominations
  23 water moccasins
  14 cane toad zombies
  6 floating eyes
  8 cane toad skeletons
  3 manticore zombies
  A merfolk skeleton (Coc:5)
  51 orc warriors
  A sky beast (shapeshifter) (Elf:2)
  4 swamp drakes (Swamp:4)
  4 ettin simulacra (Depths:2)
  A sky beast (D:7)
  4 black bears
  15 ice beasts
  16 ogres
  3 swamp dragon zombies
  58 necrophages
  2 boggarts (Elf:3)
  3 elephant zombies (Lair:6)
  31 centaurs
  6 snapping turtle zombies
  18 wolves
  9 swamp dragon skeletons
  2 manticore skeletons (Tar:1)
  A torpor snail zombie (Crypt:2)
  An elephant skeleton (Lair:6)
  A lemure (D:4)
  15 phantoms
  Blork the orc (D:5)
  9 snapping turtle skeletons
  3 kobold brigands
  A rime drake skeleton (Crypt:1)
  7 earth elementals
  A bullfrog (shapeshifter) (Vaults:5)
  3 scorpions
  9 bullfrogs
  2 gnoll sergeants
  5 two-headed ogre simulacra (D:13)
  2 cane toad simulacra
  2 wyvern skeletons
  A water moccasin skeleton (Crypt:1)
  The ghost of Nattefrost the Skirmisher, a weakling MiDe (D:5)
  19 killer bees
  A polar bear zombie (Crypt:1)
  4 elephant simulacra (Lair:6)
  129 wights
  5 howler monkeys
  A yak skeleton (Crypt:1)
  4 electric eels
  6 crimson imps
  10 starcursed masses
  6 hounds
  3 quasits
  A bullfrog zombie (D:5)
  3 human zombies
  2 jellies
  A gnoll shaman (D:7)
  29 orc priests
  53 iron imps
  A centaur skeleton (Coc:7)
  2 human skeletons
  5 iguanas
  A basilisk skeleton (Crypt:2)
  17 orc wizards
  2 lightning spires (Gauntlet)
  A troll simulacrum (D:13)
  5 spriggan simulacra
  3 ogre zombies
  A wolf simulacrum (IceCv)
  A naga zombie (Dis:2)
  7 small abominations
  5 tengu skeletons
  An acid dragon skeleton (Crypt:2)
  A hound zombie (Crypt:2)
  2 hound skeletons (D:5)
  104 mummies
  A howler monkey skeleton (D:6)
  2 howler monkey zombies
  6 gnolls
  9 adders
  A swamp drake zombie (Crypt:3)
  30 shadow imps
  35 white imps
  An ufetubus (D:6)
  An adder skeleton (D:4)
  A lava snake skeleton (Crypt:3)
  3 dart slugs
  98 orcs
  7 endoplasms
  3 giant cockroaches
  6 hobgoblins
  8 quokkas
  10 ball pythons
  A ball python skeleton (Crypt:3)
  A frilled lizard (D:3)
  10 goblins
  21 kobolds
  3 kobold skeletons
  2 kobold zombies
  An orc simulacrum (Hell)
  2 orc skeletons
  An orc zombie (Dis:7)
  5 rats
  10 briar patches (Swamp:3)
  168 fire vortices
  6 starspawn tentacles (Abyss:3)
  7 tentacles
  A withered plant (D:15)
7525 creatures vanquished.

Vanquished Creatures (collateral kills)
  2 royal mummies
  A bone dragon (Dis:2)
  A quicksilver dragon (Zot:4)
  3 acid blobs
  A cacodemon (Pan)
  A stone giant (Vaults:5)
  2 green draconians
  An ironbound frostheart (Vaults:5)
  A soul eater (Hell)
  A shining eye (Slime:4)
  A minotaur zombie (Tar:6)
  2 hornets (Zig:10)
  2 slime creatures (Slime:5)
  A chaos spawn (Pan)
  2 neqoxecs (Pan)
  A small abomination (Abyss:3)
  2 wights
  5 mummies
30 creatures vanquished.

Vanquished Creatures (others)
  A doom hound (Tar:6)
  An eldritch tentacle (Pan)
  A hell hog (Abyss:2)
  2 storm dragon skeletons (Geh:7)
  A deep elf zephyrmancer (Elf:1)
  An orb spider (Spider:1)
  An air elemental (Elf:1)
  A spriggan (Swamp:3)
  A water moccasin (Lair:6)
  3 ball lightnings (Pan)
  A briar patch (Swamp:3)
  263 fire vortices
  3 foxfires (Swamp:4)
  49 fungi
  A lurking horror (Abyss:3)
  70 plants
  2 starspawn tentacles (Abyss:3)
  13 tentacles
  27 withered plants
442 creatures vanquished.

Grand Total: 7997 creatures vanquished

Notes
Turn   | Place    | Note
-------+----------+-------------------------------------------
     0 | D:1      | wakim the Deep Elf Conjurer began the quest for the Orb.
     0 | D:1      | Reached XP level 1. HP: 10/10 MP: 6/6
   382 | D:1      | Reached XP level 2. HP: 15/15 MP: 6/8
   539 | D:1      | Found a faded altar of an unknown god.
   543 | D:1      | Learned a level 2 spell: Searing Ray
   569 | D:1      | Reached skill level 5 in Conjurations
  1055 | D:2      | Reached XP level 3. HP: 19/19 MP: 7/10
  2009 | D:3      | Reached XP level 4. HP: 24/24 MP: 8/12
  2975 | D:4      | Noticed a phantom
  3144 | D:4      | Reached XP level 5. HP: 28/28 MP: 9/13
  3292 | D:4      | Killed a phantom
  3510 | D:4      | Found Bolac's Weapon Boutique.
  3532 | D:4      | Noticed an orc warrior
  3550 | D:4      | Killed an orc warrior
  3551 | D:4      | Reached XP level 6. HP: 18/32 MP: 2/14
  3753 | D:4      | Found Azeeges's Weapon Shop.
  3938 | D:4      | Found Ukhithio's Antique Weapon Boutique.
  4121 | D:4      | Reached skill level 1 in Fighting
  4183 | D:5      | Entered Level 5 of the Dungeon
  4225 | D:5      | Reached XP level 7. HP: 38/38 MP: 9/15
  4266 | D:5      | Found a staircase to the Ecumenical Temple.
  4278 | Temple   | Entered the Ecumenical Temple
  4618 | D:5      | Found a transporter.
  4623 | D:5      | Found a transporter.
  4630 | D:5      | Noticed Nattefrost's ghost (weakling MiDe)
  4630 | D:5      | Noticed a hornet
  4657 | D:5      | Reached skill level 5 in Dodging
  4701 | D:5      | Noticed Pikel
  4991 | D:5      | Reached XP level 8. HP: 42/46 MP: 7/16
  5103 | D:5      | Noticed Blork the orc
  5114 | D:5      | Killed Blork the orc
  5279 | D:5      | Killed Pikel
  5280 | D:5      | Reached skill level 5 in Fighting
  5286 | D:5      | Learned a level 5 spell: Iskenderun's Battlesphere
  5462 | D:5      | Identified the +5 leather armour of the Tundras {rElec
                  | rPois Str+3 Int+4}
  5585 | D:5      | Reached XP level 9. HP: 49/54 MP: 13/17
  5766 | D:5      | Reached skill level 1 in Translocations
  6044 | D:6      | Found Beugrywk's Armour Emporium.
  6397 | D:6      | Reached skill level 1 in Shields
  6711 | D:6      | Learned a level 4 spell: Iskenderun's Mystic Blast
  7306 | D:7      | Noticed Menkaure
  7373 | D:7      | Identified the +6 scale mail of Gamuusch {rPois Will+ Dex+4
                  | Stlth-}
  7380 | D:7      | Killed Menkaure
  7633 | D:7      | Reached skill level 10 in Conjurations
  7749 | D:7      | Noticed a gargoyle
  7757 | D:7      | Killed a gargoyle
  7758 | D:7      | Reached XP level 10. HP: 41/60 MP: 9/18
  8299 | D:4      | Bought an encrusted rapier for 243 gold pieces
  8299 | D:4      | Identified the +7 rapier "Gram" {elec, *Slow rC++ Str+2
                  | Stlth+} (You bought it in a shop on level 4 of the Dungeon)
  8391 | D:8      | Found a staircase to the Lair.
  8667 | D:8      | Noticed a cyan ugly thing
  8848 | D:8      | Noticed a centaur warrior
  9263 | D:8      | Killed a cyan ugly thing
  9264 | D:8      | Reached skill level 10 in Dodging
  9264 | D:8      | Reached skill level 5 in Translocations
  9490 | D:8      | Noticed a two-headed ogre
  9496 | D:8      | Killed a two-headed ogre
  9688 | D:8      | Killed a centaur warrior
 10314 | D:8      | Found Xeorgh's Weapon Emporium.
 10343 | D:8      | Identified a scroll of acquirement
 10343 | D:8      | Acquired the +0 hat "Golit" {Fly Will+ Int+4 Stlth+}
 10532 | D:9      | Reached skill level 1 in Evocations
 10682 | D:9      | Reached XP level 11. HP: 68/68 MP: 11/19
 10687 | D:9      | Reached skill level 1 in Short Blades
 11609 | D:10     | Entered Level 10 of the Dungeon
 11848 | D:10     | Found Cepsuwoc's Distillery.
 12173 | D:10     | Found a radiant altar of Vehumet.
 12179 | D:10     | Became a worshipper of Vehumet
 12278 | D:10     | Noticed a two-headed ogre
 12292 | D:10     | Killed a two-headed ogre
 12293 | D:10     | Reached skill level 5 in Spellcasting
 13242 | D:11     | Noticed Erica
 13436 | D:11     | Found a staircase to the Orcish Mines.
 13450 | D:11     | Reached * piety under Vehumet
 13450 | D:11     | Offered knowledge of Freeze by Vehumet.
 13776 | D:10     | Reached skill level 5 in Evocations
 13917 | D:11     | Noticed a five-headed hydra
 13925 | D:11     | Killed a five-headed hydra
 14014 | D:11     | Found a shimmering altar of Xom.
 14015 | D:11     | Found a shimmering altar of Xom.
 14015 | D:11     | Found a shimmering altar of Xom.
 14017 | D:11     | Found a shimmering altar of Xom.
 14017 | D:11     | Found a shimmering altar of Xom.
 14017 | D:11     | Found a shimmering altar of Xom.
 14018 | D:11     | Found a shimmering altar of Xom.
 14019 | D:11     | Found a shimmering altar of Xom.
 14131 | D:11     | Killed Erica
 14132 | D:11     | Reached skill level 5 in Short Blades
 14227 | D:11     | Found a runed translucent door.
 14227 | D:11     | Noticed inmateoo's ghost (journeyman OgDe)
 14823 | D:12     | Offered knowledge of Sandblast by Vehumet.
 14913 | D:11     | Noticed a purple draconian
 15045 | Lair:1   | Entered Level 1 of the Lair of Beasts
 15150 | Lair:1   | Reached ** piety under Vehumet
 15431 | Lair:1   | Reached XP level 12. HP: 65/73 MP: 16/24
 16084 | Lair:1   | Reached skill level 1 in Armour
 16318 | Lair:1   | Found the +8 whip "Snakebite" {venom, curare, rPois}
 17441 | Lair:2   | Identified the +6 scythe of Onlos {antimagic, rPois rF+
                  | Will- SInv}
 18086 | Lair:3   | Offered knowledge of Frozen Ramparts by Vehumet.
 18370 | Lair:3   | Identified the ring of Yesterday {Str+9 Int-5 SInv}
 18881 | Lair:3   | Reached *** piety under Vehumet
 19043 | Lair:3   | You are sucked into a shaft and drop 2 floors!
 19254 | Lair:4   | You are sucked into a shaft and drop 2 floors!
 19254 | Lair:6   | Entered Level 6 of the Lair of Beasts
 19280 | Lair:6   | Noticed a four-headed hydra
 19285 | Lair:6   | Killed a four-headed hydra
 19459 | Lair:5   | Noticed Josephine
 19469 | Lair:5   | Killed Josephine
 19470 | Lair:5   | Reached XP level 13. HP: 72/78 MP: 18/27
 19643 | Lair:5   | Offered knowledge of Inner Flame by Vehumet.
 19807 | Lair:5   | Found a sparkling altar of Nemelex Xobeh.
 20707 | Lair:4   | Reached skill level 1 in Fire Magic
 20739 | Lair:4   | Found a staircase to the Swamp.
 20774 | Lair:4   | Reached skill level 1 in Earth Magic
 20775 | Lair:4   | Reached **** piety under Vehumet
 20811 | Lair:4   | Offered knowledge of Irradiate by Vehumet.
 21721 | Lair:4   | Found a hole to the Spider Nest.
 23287 | Lair:6   | Reached ***** piety under Vehumet
 23304 | Lair:6   | Offered knowledge of Conjure Ball Lightning by Vehumet.
 23426 | Lair:6   | Learned a level 5 spell: Bolt of Magma
 23579 | Lair:6   | Reached skill level 5 in Armour
 23901 | Lair:6   | Noticed a dire elephant
 23908 | Lair:6   | Noticed a dire elephant
 23914 | Lair:6   | Noticed a dire elephant
 24364 | Lair:5   | Killed a dire elephant
 24602 | Lair:5   | Reached XP level 14. HP: 69/84 MP: 18/28
 25374 | Lair:6   | Found a viscous altar of Jiyva.
 25374 | Lair:6   | Found a staircase to the Slime Pits.
 27004 | D:5      | Killed Nattefrost's ghost
 27237 | D:11     | Killed inmateoo's ghost
 27238 | D:11     | Reached skill level 5 in Fire Magic
 27336 | D:11     | Identified the +8 plate armour of Qazlal's Regard {Str+5}
 27557 | D:12     | Reached skill level 5 in Earth Magic
 28098 | D:12     | Found a glowing silver altar of Zin.
 28098 | D:12     | Noticed an angel
 28132 | D:12     | Noticed a frost giant
 29334 | Orc:1    | Entered Level 1 of the Orcish Mines
 29478 | Orc:2    | Entered Level 2 of the Orcish Mines
 29478 | Orc:2    | Found a staircase to the Elven Halls.
 29617 | Orc:2    | Offered knowledge of Sticky Flame by Vehumet.
 29953 | Orc:2    | Noticed Snorg
 30076 | Orc:1    | Found a transporter.
 30343 | Orc:2    | Killed Snorg
 31679 | Orc:1    | Found a bloodstained altar of Trog.
 31680 | Orc:1    | Found the necklace of Bloodlust {*Rage +Rage Will++ Int-3
                  | Slay+6}
 31777 | Orc:2    | Found Sunlism's General Store.
 31965 | Orc:2    | Found Ublelesh's Magic Scroll Emporium.
 32138 | Orc:2    | Bought a potion of heal wounds for 50 gold pieces
 32140 | Orc:2    | Bought a scroll of fear for 56 gold pieces
 32140 | Orc:2    | Bought a scroll of fog for 32 gold pieces
 32140 | Orc:2    | Bought a scroll of magic mapping for 56 gold pieces
 32153 | Orc:2    | Reached XP level 15. HP: 84/92 MP: 22/29
 33384 | Orc:2    | Found Yjawn's Antique Weapon Shop.
 33384 | Orc:2    | Found Qepootwadgh's Book Boutique.
 33385 | Orc:2    | Found a one-way gate leading to the halls of Pandemonium.
 33749 | D:12     | Reached skill level 10 in Fighting
 34198 | D:12     | Killed a frost giant
 34493 | D:13     | Found a frozen archway.
 34550 | IceCv    | Entered an ice cave
 34718 | IceCv    | Reached skill level 10 in Spellcasting
 36019 | D:13     | Offered knowledge of Fireball by Vehumet.
 36026 | D:13     | Reached skill level 1 in Ice Magic
 36033 | D:13     | HP: 3/92 [catoblepas (14)]
 36988 | D:13     | Reached skill level 1 in Air Magic
 37429 | D:13     | Noticed a storm dragon
 37893 | D:13     | Killed a storm dragon
 38169 | D:13     | Noticed a sphinx
 38175 | D:13     | Killed a sphinx
 38176 | D:13     | Reached XP level 16. HP: 97/97 MP: 20/32
 38278 | D:13     | Noticed a sphinx
 38283 | D:13     | Killed a sphinx
 38388 | D:14     | Found a gate leading to a gauntlet.
 38412 | Gauntlet | Entered a Gauntlet
 38412 | Gauntlet | Found a transporter.
 38412 | Gauntlet | Found a transporter.
 38418 | Gauntlet | Found a transporter.
 38433 | Gauntlet | Found a transporter.
 38451 | Gauntlet | Found a transporter.
 38451 | Gauntlet | Found a transporter.
 38451 | Gauntlet | Found a transporter.
 38454 | Gauntlet | Found a transporter.
 38454 | Gauntlet | Found a transporter.
 38471 | Gauntlet | Found a transporter.
 38484 | Gauntlet | Found a transporter.
 38494 | Gauntlet | Found a transporter.
 38509 | Gauntlet | Found a transporter.
 38530 | Gauntlet | Found a transporter.
 38531 | Gauntlet | Found a runed translucent door.
 38532 | Gauntlet | Found the ring of the Tortoise {AC+8}
 39908 | D:14     | Reached skill level 5 in Ice Magic
 40869 | D:14     | Found a gate to the Vaults.
 40991 | D:15     | Entered Level 15 of the Dungeon
 41236 | D:15     | Reached ****** piety under Vehumet
 41344 | D:15     | Found a staircase to the Depths.
 41581 | D:15     | Offered knowledge of Starburst by Vehumet.
 41657 | D:15     | Learned a level 6 spell: Starburst
 41720 | D:15     | Reached skill level 15 in Conjurations
 43009 | Lair:6   | Reached skill level 15 in Dodging
 43447 | Depths:1 | Entered Level 1 of the Depths
 43505 | Depths:1 | Noticed a tengu reaver
 43507 | Depths:1 | Noticed a tengu reaver
 43507 | Depths:1 | Noticed Sojobo
 43950 | Swamp:1  | Entered Level 1 of the Swamp
 45321 | Swamp:2  | Reached XP level 17. HP: 72/103 MP: 9/35
 46419 | Swamp:3  | Reached skill level 10 in Fire Magic
 46419 | Swamp:3  | Reached skill level 10 in Earth Magic
 47205 | Swamp:4  | Entered Level 4 of the Swamp
 47507 | Swamp:4  | Offered knowledge of Freezing Cloud by Vehumet.
 48930 | Swamp:4  | Noticed a tentacled monstrosity
 48940 | Swamp:4  | Killed a tentacled monstrosity
 49061 | Swamp:4  | Got a decaying rune of Zot
 49757 | Spider:1 | Entered Level 1 of the Spider Nest
 50488 | Spider:1 | Reached XP level 18. HP: 95/112 MP: 24/38
 50499 | Spider:1 | Offered knowledge of Ozocubu's Refrigeration by Vehumet.
 52964 | Spider:3 | Reached skill level 5 in Air Magic
 52983 | Spider:3 | Noticed Nikola
 52996 | Spider:3 | Killed Nikola
 53168 | Spider:3 | Noticed Bai Suzhen
 53846 | Spider:3 | Killed Bai Suzhen
 54346 | Spider:3 | Learned a level 7 spell: Ozocubu's Refrigeration
 54844 | Spider:4 | Entered Level 4 of the Spider Nest
 54905 | Spider:4 | Paralysed by a hornet for 3 turns
 55502 | Lair:4   | Offered knowledge of Orb of Destruction by Vehumet.
 55781 | Orc:2    | Bought the +3 Elemental Staff {rElec rF++ rC++ Will++ AC+5}
                  | for 2941 gold pieces
 55781 | Orc:2    | Found the +3 Elemental Staff {rElec rF++ rC++ Will++ AC+5}
 56113 | Spider:4 | Reached skill level 10 in Ice Magic
 56316 | Spider:4 | Reached skill level 1 in Staves
 56687 | Spider:4 | Reached skill level 15 in Spellcasting
 57977 | Spider:4 | Reached skill level 10 in Evocations
 58428 | Spider:4 | Got a gossamer rune of Zot
 58913 | Depths:1 | Reached XP level 19. HP: 90/116 MP: 17/40
 58922 | Depths:1 | Killed Sojobo
 59646 | Depths:1 | Offered knowledge of Lehudib's Crystal Spear by Vehumet.
 59646 | Depths:1 | Offered knowledge of Fire Storm by Vehumet.
 59646 | Depths:1 | Offered knowledge of Chain Lightning by Vehumet.
 59728 | Depths:1 | You are sucked into a shaft and drop 1 floor!
 59740 | Depths:2 | Reached skill level 5 in Staves
 60226 | Depths:2 | You are sucked into a shaft and drop 2 floors!
 60529 | Depths:3 | Found Gozag's Antique Weapon Shop.
 61458 | Depths:1 | Identified the +1 hand axe of Magnificence {vorpal, rCorr}
 61466 | Depths:1 | Found a gateway to Hell.
 61511 | Depths:1 | Identified the +2 pair of boots "Miesurubewk" {rCorr}
 61612 | Depths:1 | Found a shimmering blue altar of Sif Muna.
 61802 | Depths:2 | Found a basalt altar of Yredelemnul.
 62221 | Depths:2 | Reached XP level 20. HP: 122/122 MP: 31/42
 62463 | Depths:2 | Noticed a golden dragon
 62745 | Depths:2 | Killed a golden dragon
 62861 | Depths:2 | Found a shimmering blue altar of Sif Muna.
 62888 | Depths:2 | Identified the +9 hunting sling "Leviticus" {flame, Str+5}
 63233 | Depths:1 | Learned a level 9 spell: Fire Storm
 63586 | Depths:2 | Identified the +1 fire dragon scales of Tulips {rF++ rC-
                  | rN+}
 63823 | Depths:2 | Found an ornate altar of the Wu Jian Council.
 63979 | Depths:2 | Found a hazy altar of Hepliaklqana.
 65277 | Depths:3 | Noticed Mara
 65398 | Depths:3 | Noticed wakim's illusion
 65398 | Depths:3 | Killed Mara
 65535 | Depths:3 | Found an opulent altar of Gozag.
 65536 | Depths:3 | Noticed a golden dragon
 65538 | Depths:3 | Found Gozag's Antique Weapon Shop.
 65540 | Depths:3 | Found Gozag's Assorted Antiques.
 66111 | Depths:3 | Killed a golden dragon
 66333 | Depths:3 | Reached skill level 15 in Ice Magic
 66538 | Depths:3 | Learned a level 3 spell: Ozocubu's Armour
 66676 | Depths:3 | Reached XP level 21. HP: 116/127 MP: 36/44
 66774 | Depths:3 | Found a corrupted altar of Lugonu.
 66774 | Depths:3 | Found a one-way gate to the infinite horrors of the Abyss.
 67685 | Depths:3 | Identified the +3 chain mail of Iryry {rN++ Int-4}
 67799 | Depths:4 | Found a blossoming altar of Fedhas.
 67903 | Depths:4 | Noticed Louise
 67906 | Depths:4 | Killed Louise
 68045 | Depths:4 | Found Xorch's Book Boutique.
 68050 | Depths:4 | Found Pesusid's Weapon Boutique.
 68275 | Vaults:1 | Entered Level 1 of the Vaults
 68394 | Elf:1    | Entered Level 1 of the Elven Halls
 68645 | Elf:1    | Paralysed by an air elemental for 1 turns
 69105 | Elf:1    | Paralysed by an air elemental for 1 turns
 69421 | Elf:1    | Noticed Roxanne
 69667 | Elf:1    | Noticed Asterion
 69670 | Elf:1    | Killed Asterion
 69734 | Elf:1    | Found a radiant altar of Vehumet.
 69748 | Elf:1    | Noticed Agnes
 69754 | Elf:1    | Killed Agnes
 70113 | Elf:1    | Identified the +4 hand crossbow of Luxury {speed, Str+4}
 70372 | Elf:1    | Killed Roxanne
 70583 | Elf:2    | Found Wyxutot's Jewellery Shoppe.
 71731 | Elf:2    | Found a runed translucent gate.
 71731 | Elf:2    | Found a runed translucent gate.
 71731 | Elf:2    | Found a runed translucent gate.
 72255 | Elf:2    | Reached skill level 15 in Fire Magic
 72843 | Elf:3    | Entered Level 3 of the Elven Halls
 72966 | Elf:3    | Paralysed by an air elemental for 1 turns
 73766 | Elf:3    | Reached skill level 10 in Staves
 73766 | Elf:3    | Reached XP level 22. HP: 123/132 MP: 12/46
 74405 | Elf:3    | Identified the +7 demon whip of the Ancient Brambles {elec,
                  | rF- Int+2 Dex+3}
 74454 | Elf:3    | Identified the +7 long sword of Fate {vorpal, rF+ MP+9
                  | SInv}
 74461 | Elf:3    | Identified the amulet "Souneck" {rPois Regen+}
 74655 | Elf:3    | Identified the +0 ring mail of Sif Muna's Supremacy {rElec
                  | rPois Will++ Dex-2}
 75545 | Elf:3    | Identified the +2 plate armour of the Old World {Harm
                  | rCorr}
 75577 | Elf:3    | Got the Collected Works on Aerial Clay
 75903 | Elf:3    | Found a shimmering blue altar of Sif Muna.
 75911 | Elf:3    | Paralysed by an air elemental for 1 turns
 76120 | Elf:3    | Identified the amulet of Anarchy {RegenMP rCorr MP-9 Dex+5}
 77080 | Vaults:1 | Found Ziguor Zeti's Distillery.
 77080 | Vaults:1 | Found Qaofigin's Assorted Antiques.
 77090 | Vaults:1 | Bought a potion of curing for 51 gold pieces
 77090 | Vaults:1 | Bought a potion of haste for 170 gold pieces
 77090 | Vaults:1 | Bought a potion of resistance for 170 gold pieces
 77090 | Vaults:1 | Bought a potion of magic for 136 gold pieces
 77093 | Vaults:1 | Bought 2 potions of heal wounds for 280 gold pieces
 78528 | Vaults:2 | Found a crumbling gateway.
 78621 | Desolati | Entered the Desolation of Salt
 78721 | Desolati | Reached XP level 23. HP: 136/136 MP: 40/47
 78755 | Desolati | Got the Guide on Companions
 78763 | Desolati | Identified the +2 robe of the Purple Skies {rN+ Str+3}
 79121 | Desolati | Identified the +3 spear "Vagisu" {vorpal, Str+3}
 79123 | Desolati | Identified the +9 shortbow "Juojyres" {vorpal, Drain rPois
                  | rN++ rCorr}
 79284 | Desolati | Got the Disquisition on the Creative Birds
 79611 | Desolati | Identified the ring of the Mackerel {Fly rElec rPois Str+4}
 79614 | Desolati | Got the Papyrus of Beguiling
 79620 | Desolati | Got the Incunabulum of Congealing Poison
 79729 | Desolati | Identified the ring "Vicvui" {rN+ Str+4 SInv}
 81648 | Vaults:2 | Found Bamidd's Distillery.
 81656 | Vaults:2 | Bought a potion of resistance for 100 gold pieces
 81656 | Vaults:2 | Bought a potion of heal wounds for 50 gold pieces
 81656 | Vaults:2 | Bought a potion of curing for 30 gold pieces
 81812 | Vaults:2 | Found a staircase to the Crypt.
 82548 | Vaults:3 | Learned a level 8 spell: Ignition
 83140 | Vaults:3 | Found Icsylos's Weapon Shop.
 84677 | Vaults:4 | Reached XP level 24. HP: 144/144 MP: 25/47
 85347 | Vaults:4 | Found Budecuu's Book Shoppe.
 85437 | Vaults:4 | Found Aptomor's Antique Weapon Shoppe.
 85438 | Vaults:4 | Found Korghu Ukhet's Distillery.
 85491 | Vaults:4 | Bought a potion of heal wounds for 105 gold pieces
 85491 | Vaults:4 | Bought a potion of heal wounds for 105 gold pieces
 86327 | Vaults:5 | Entered Level 5 of the Vaults
 86878 | Vaults:5 | Reached XP level 25. HP: 99/150 MP: 37/48
 87777 | Vaults:5 | Identified the +8 short sword of the Augurer {freeze, rC+
                  | rCorr}
 88975 | Vaults:5 | Got Rimip's Collected Works on Icy Transmutation
 89045 | Vaults:5 | Identified the +1 plate armour "Ugriera" {Will+}
 89424 | Vaults:5 | Identified the +5 mace of Leneemesh {freeze, rElec rN+++
                  | Int+3 Dex-4}
 89430 | Vaults:5 | Got a silver rune of Zot
 89434 | Vaults:5 | Identified the +10 arbalest of Impatience {venom, rPois
                  | SInv}
 89663 | Vaults:5 | Learned a level 8 spell: Maxwell's Capacitive Coupling
 89673 | Vaults:5 | Learned a level 9 spell: Chain Lightning
 90130 | Slime:1  | Entered Level 1 of the Pits of Slime
 91265 | Slime:3  | Gained mutation: You are frail. (-10% HP) [a shining eye]
 91266 | Slime:3  | Gained mutation: You tend to lose your temper in combat. [a
                  | shining eye]
 92767 | Elf:3    | Lost mutation: You are frail. (-10% HP) [potion of
                  | mutation]
 92767 | Elf:3    | Lost mutation: You tend to lose your temper in combat.
                  | [potion of mutation]
 92767 | Elf:3    | Gained mutation: You have a pair of small horns on your
                  | head. [potion of mutation]
 93594 | Slime:5  | Entered Level 5 of the Pits of Slime
 93612 | Slime:5  | Noticed the Royal Jelly
 93617 | Slime:5  | Killed the Royal Jelly
 94557 | Slime:5  | Identified the ring of Moodiness {MP+9 Int+3}
 94578 | Slime:5  | Identified the +8 long sword of Hepliaklqana's Outrage
                  | {vorpal, Drain rN+ Will+++ MP+9 Dex+4}
 94581 | Slime:5  | Identified the +8 falchion "Rinuamuf" {flame, rC+ Dex+2
                  | SInv}
 94585 | Slime:5  | Identified the +3 halberd "Faurph" {pain, rElec rCorr Int-3
                  | Stlth+}
 94597 | Slime:5  | Got a slimy rune of Zot
 94603 | Slime:5  | Identified the +6 dagger "Hych" {vorpal, rC+ rN+}
 94624 | Slime:5  | Identified the +2 cloak of the Comet {rN+ Will+ Str-2 SInv}
 94651 | Slime:5  | Identified the ring of Dulud {rF+ rC- rN+++ Str-3 Int+4}
 94662 | Slime:5  | Identified the +0 cloak of Asceticism {Int+6 Dex+5}
 95404 | Depths:4 | Reached XP level 26. HP: 146/158 MP: 45/50
 95417 | Depths:4 | Found a gateway to a ziggurat.
 96119 | Depths:4 | Found a portal to a secret trove of treasure.
 97004 | Depths:5 | Entered Level 5 of the Depths
 97806 | Depths:5 | Noticed Frederick
 97809 | Depths:5 | Killed Frederick
 98004 | Depths:5 | Found a stormy altar of Qazlal.
 98072 | Depths:5 | Noticed Margery
 98077 | Depths:5 | Killed Margery
 98650 | Depths:5 | Found a gate to the Realm of Zot.
 98659 | Zot:1    | Entered Level 1 of the Realm of Zot
 99157 | Orc:2    | Bought a book of Ice for 782 gold pieces
 99167 | Orc:2    | Learned a level 9 spell: Polar Vortex
100912 | Zot:1    | Reached XP level 27. HP: 107/164 MP: 39/51
102166 | Zot:2    | Reached skill level 10 in Air Magic
106296 | Zot:3    | Reached skill level 15 in Fighting
106690 | Zot:3    | Identified the ring "Tirgharch" {rC- rCorr Int+8}
106696 | Zot:3    | Identified the +6 spear of Domination {drain, rC+ Will+}
106851 | Zot:3    | Noticed an orb of fire
106854 | Zot:3    | Killed an orb of fire
106926 | Zot:3    | Found a runed translucent door.
106927 | Zot:3    | Noticed stpyramids's ghost (legendary DDFi)
106934 | Zot:3    | Killed stpyramids's ghost
107494 | Zot:4    | Noticed an orb of fire
107507 | Zot:4    | Killed an orb of fire
109274 | Zot:4    | Learned a level 6 spell: Dispersal
109292 | Zot:5    | Entered Level 5 of the Realm of Zot
109412 | Zot:4    | Learned a level 8 spell: Necromutation
109454 | Zot:5    | Identified the +3 leather armour of Weirdness {rElec}
110457 | Zot:5    | Noticed an ancient lich
110462 | Zot:5    | Killed an ancient lich
110633 | Zot:5    | Noticed an ancient lich
110648 | Zot:5    | Killed an ancient lich
110687 | Zot:5    | Noticed an orb of fire
110691 | Zot:5    | Killed an orb of fire
110741 | Zot:5    | Noticed an orb of fire
110941 | Zot:5    | Gained mutation: Your body sometimes deteriorates upon
                  | taking damage. [an orb of fire]
110949 | Zot:5    | Killed an orb of fire
111128 | Zot:5    | Noticed an orb of fire
111134 | Zot:5    | Killed an orb of fire
111171 | Zot:5    | Noticed an ancient lich
111174 | Zot:5    | Killed an ancient lich
111363 | Zot:5    | Noticed an ancient lich
111367 | Zot:5    | Killed an ancient lich
112197 | Depths:5 | Voluntarily entered the Abyss.
112199 | Abyss:1  | Found a corrupted altar of Lugonu.
112350 | Abyss:1  | Found a corrupted altar of Lugonu.
112433 | Abyss:2  | Found a sparkling altar of Nemelex Xobeh.
112443 | Abyss:2  | Identified the +8 quarterstaff "Laop" {elec, Int+2 Dex+4}
112875 | Abyss:3  | Gained mutation: You are clumsy. (Dex -2) [a shining eye]
112889 | Abyss:3  | Reached skill level 15 in Air Magic
113174 | Abyss:3  | Found a corrupted altar of Lugonu.
113197 | Abyss:3  | Got an abyssal rune of Zot
113454 | Depths:5 | Escaped the Abyss
113520 | Hell     | Entered the Vestibule of Hell
113524 | Hell     | Noticed Geryon
113531 | Hell     | Reached skill level 10 in Translocations
113531 | Hell     | Killed Geryon
113827 | Hell     | Noticed Murray
113833 | Hell     | Killed Murray
114351 | Hell     | Found a gateway to the decaying netherworld of Tartarus.
114553 | Hell     | Found a gateway to the ashen valley of Gehenna.
114630 | Hell     | Found a gateway to the Iron City of Dis.
114685 | Hell     | Found a gateway to the freezing wastes of Cocytus.
114814 | Coc:1    | Entered Level 1 of Cocytus
115633 | Coc:2    | Reached skill level 1 in Necromancy
115643 | Coc:2    | Reached skill level 1 in Transmutations
117087 | Coc:4    | Reached skill level 5 in Necromancy
117370 | Coc:4    | Reached skill level 5 in Transmutations
117596 | Coc:5    | Noticed an ancient lich
117599 | Coc:5    | Killed an ancient lich
118810 | Coc:5    | Reached skill level 5 in Shields
119124 | Coc:7    | Entered Level 7 of Cocytus
119189 | Coc:7    | Reached skill level 10 in Armour
119485 | Coc:7    | Identified the ring "Fenlir" {Contam +Blink rPois Str+6}
120400 | Coc:7    | Noticed Antaeus
120408 | Coc:7    | Killed Antaeus
120439 | Coc:7    | Got an icy rune of Zot
120639 | Geh:1    | Entered Level 1 of Gehenna
121129 | Geh:3    | Reached skill level 10 in Necromancy
121588 | Geh:5    | Reached skill level 10 in Transmutations
121898 | Geh:6    | Reached skill level 10 in Shields
122087 | Geh:7    | Entered Level 7 of Gehenna
123210 | Geh:7    | Identified the ring of Autotheism {rElec rF- rN+ Will+
                  | Str+3}
123216 | Geh:7    | Identified the +3 broad axe "Fuupuots" {spect, rC- rN+
                  | Will+ Int+9}
123246 | Geh:7    | Found the +7 sceptre of Asmodeus
123246 | Geh:7    | Noticed Asmodeus
123250 | Geh:7    | Killed Asmodeus
123275 | Geh:7    | Got an obsidian rune of Zot
123481 | Tar:1    | Entered Level 1 of Tartarus
126919 | Tar:6    | Reached skill level 15 in Shields
127506 | Tar:7    | Entered Level 7 of Tartarus
128580 | Tar:7    | Reached skill level 15 in Necromancy
128610 | Tar:7    | Identified the +9 mace of the Foremost Seas {vorpal, *Rage
                  | rPois rC+ MP+9}
128715 | Tar:7    | Identified the ring "Qungit" {Fly rC+ Str+5}
128791 | Tar:7    | Identified the ring of Serendipity {Fire Will- rCorr SInv}
128810 | Tar:7    | Identified the +0 buckler of the Tarantula {rC++ Will+
                  | Stlth+}
128827 | Tar:7    | Identified the +9 dagger of Pyrchudue {venom, rF+ Int+2}
128841 | Tar:7    | Identified the ring "Ybyss" {+Blink rElec rF+ Int+6 Dex-4}
128849 | Tar:7    | Identified the ring of Miodoer {rElec rF- rC+ rN+ Int+6}
128865 | Tar:7    | Identified the +6 plate armour of Avuim {Contam rPois rN+
                  | Int+2}
128897 | Tar:7    | Reached skill level 27 in Spellcasting
130035 | Tar:7    | Reached skill level 15 in Transmutations
130527 | Tar:7    | Noticed Ereshkigal
131632 | Tar:7    | Killed Ereshkigal
131749 | Tar:7    | Got a bone rune of Zot
132310 | Dis:1    | Entered Level 1 of the Iron City of Dis
134822 | Dis:7    | Entered Level 7 of the Iron City of Dis
134869 | Dis:7    | Found a huge runed gate.
134869 | Dis:7    | Found a huge runed gate.
134869 | Dis:7    | Found a huge runed gate.
134880 | Dis:7    | Reached skill level 15 in Earth Magic
134880 | Dis:7    | Reached skill level 15 in Evocations
136325 | Dis:7    | Learned a level 9 spell: Shatter
136405 | Dis:7    | Identified the +9 whip "Lucodal" {chaos, *Noise rF++ rCorr}
136857 | Dis:7    | Identified the amulet "Ipoes" {Reflect Regen+ SH+5}
137284 | Dis:7    | Found the +4 staff of Dispater
137284 | Dis:7    | Noticed Dispater
137301 | Dis:7    | Killed Dispater
137315 | Dis:7    | Got an iron rune of Zot
141306 | Crypt:1  | Entered Level 1 of the Crypt
141332 | Crypt:1  | Noticed Mennas
141351 | Vaults:2 | Killed Mennas
142550 | Crypt:2  | Noticed an ancient lich
142558 | Crypt:2  | Killed an ancient lich
145673 | Crypt:3  | Entered Level 3 of the Crypt
145763 | Crypt:3  | Reached skill level 10 in Short Blades
145788 | Crypt:3  | Noticed Saint Roka
145792 | Crypt:3  | Killed Saint Roka
146100 | Crypt:3  | Noticed Jory
146109 | Crypt:3  | Killed Jory
146162 | Crypt:3  | Identified the +6 long sword of Brawling {venom, rPois rF++
                  | MP+9 Int-4}
146167 | Crypt:3  | Got the Collected Works on Sinister Rituals
146389 | Crypt:3  | Identified the amulet of Patience {Reflect rPois rF+ SH+5}
146440 | Crypt:3  | Found a staircase to the Tomb.
146978 | D:10     | Bought a potion of heal wounds for 60 gold pieces
146978 | D:10     | Bought a potion of might for 48 gold pieces
146978 | D:10     | Bought a potion of magic for 96 gold pieces
146978 | D:10     | Bought a potion of brilliance for 48 gold pieces
146978 | D:10     | Bought a potion of heal wounds for 60 gold pieces
146978 | D:10     | Bought 3 potions of curing for 108 gold pieces
147114 | Orc:2    | Bought a scroll of vulnerability for 120 gold pieces
147114 | Orc:2    | Bought a scroll of holy word for 120 gold pieces
147698 | Vaults:1 | Bought a potion of ambrosia for 136 gold pieces
147858 | Vaults:4 | Bought a potion of haste for 210 gold pieces
147858 | Vaults:4 | Bought a potion of brilliance for 84 gold pieces
147858 | Vaults:4 | Bought a potion of curing for 63 gold pieces
147858 | Vaults:4 | Bought a potion of curing for 63 gold pieces
147984 | Vaults:2 | Bought a potion of might for 40 gold pieces
147984 | Vaults:2 | Bought 2 potions of curing for 60 gold pieces
148198 | Pan      | Entered Pandemonium
148501 | Pan      | Found a runed translucent door.
148954 | Pan      | Found a runed translucent door.
148957 | Pan      | Found a runed translucent door.
149190 | Pan      | Noticed Kicsigua the pandemonium lord
149195 | Pan      | Found a runed translucent door.
149665 | Pan      | Killed Kicsigua the pandemonium lord
149721 | Pan      | Identified the ring "Qebuqor" {rF+ rN+ rCorr MP+9 Str-3}
150084 | Pan      | Noticed Mulag the pandemonium lord
150090 | Pan      | Killed Mulag the pandemonium lord
150385 | Pan      | Identified the +1 ring mail of Baldness {Rampage rF++ rN+
                  | Will-}
150956 | Pan      | Entered the realm of Lom Lobon.
151673 | Pan      | Identified the +2 robe "Wuabuip" {rC+ Int-5 SInv}
151803 | Pan      | Noticed Lom Lobon
151807 | Pan      | Killed Lom Lobon
151817 | Pan      | Got a magical rune of Zot
152164 | Pan      | Noticed Beib the pandemonium lord
152168 | Pan      | Killed Beib the pandemonium lord
152914 | Pan      | Identified the +5 ring mail of Meager Birdsong {rN+}
153094 | Pan      | Noticed Horuih the pandemonium lord
153100 | Pan      | Killed Horuih the pandemonium lord
153763 | Pan      | Entered the realm of Gloorx Vloq.
154378 | Pan      | Noticed Gloorx Vloq
155021 | Pan      | Killed Gloorx Vloq
155206 | Pan      | Got a dark rune of Zot
155478 | Pan      | Noticed Iczol the pandemonium lord
155482 | Pan      | Killed Iczol the pandemonium lord
155495 | Pan      | Gained mutation: You are frail. (-10% HP) [a cacodemon]
156772 | Pan      | Identified the +9 hand crossbow "Utzoaxeo" {penet, rPois
                  | Str+2}
158145 | Pan      | Reached skill level 5 in Stealth
158306 | Pan      | Noticed Mail the pandemonium lord
158318 | Pan      | Killed Mail the pandemonium lord
158703 | Pan      | Found an exit through the horrors of the Abyss.
159139 | Pan      | Entered the realm of Cerebov.
159235 | Pan      | Identified the +1 leather armour of Codesuh {rPois Str+4
                  | Dex-4 Stlth+}
159454 | Pan      | Found an exit through the horrors of the Abyss.
159645 | Pan      | Identified the +8 halberd of Coqor {vorpal, +Blink rElec
                  | Str-3 Stlth-}
159645 | Pan      | Identified the +0 fire dragon scales of Xuavautz {rPois
                  | rF++ rC- MP+9}
159805 | Pan      | Found the +6 sword of Cerebov {flame}
159805 | Pan      | Noticed Cerebov
159807 | Pan      | Identified the +0 scale mail "Zauliam" {rPois rCorr}
159811 | Pan      | Killed Cerebov
159822 | Pan      | Got a fiery rune of Zot
159918 | Pan      | Identified the +0 scale mail of Disappointment {Int+5}
159921 | Pan      | Identified the +0 scale mail "Hesoi" {Harm Int+3}
160318 | Pan      | Entered the realm of Mnoleg.
160728 | Pan      | Found an exit through the horrors of the Abyss.
160978 | Pan      | Gained mutation: You sometimes lose the ability to read
                  | scrolls when taking damage. [a neqoxec]
161127 | Pan      | Lost mutation: Your body sometimes deteriorates upon taking
                  | damage. [potion of mutation]
161127 | Pan      | Lost mutation: You sometimes lose the ability to read
                  | scrolls when taking damage. [potion of mutation]
161127 | Pan      | Gained mutation: Your muscles are strong. (Str +2) [potion
                  | of mutation]
161128 | Pan      | Lost mutation: Your muscles are strong. (Str +2) [potion of
                  | mutation]
161128 | Pan      | Lost mutation: You are frail. (-10% HP) [potion of
                  | mutation]
161128 | Pan      | Lost mutation: You have a pair of small horns on your head.
                  | [potion of mutation]
161128 | Pan      | Gained mutation: Your muscles are strong. (Str +2) [potion
                  | of mutation]
161128 | Pan      | Gained mutation: You are frail. (-10% HP) [potion of
                  | mutation]
161128 | Pan      | Gained mutation: Your system is resistant to poisons.
                  | (rPois) [potion of mutation]
161129 | Pan      | Lost mutation: You are clumsy. (Dex -2) [potion of
                  | mutation]
161129 | Pan      | Lost mutation: Your muscles are strong. (Str +2) [potion of
                  | mutation]
161129 | Pan      | Lost mutation: You are frail. (-10% HP) [potion of
                  | mutation]
161129 | Pan      | Gained mutation: Armour fits poorly on your strangely
                  | shaped body. [potion of mutation]
161129 | Pan      | Gained mutation: You are robust. (+10% HP) [potion of
                  | mutation]
161129 | Pan      | Gained mutation: Your body sometimes deteriorates upon
                  | taking damage. [potion of mutation]
161130 | Pan      | Lost mutation: Your body sometimes deteriorates upon taking
                  | damage. [potion of mutation]
161130 | Pan      | Lost mutation: Armour fits poorly on your strangely shaped
                  | body. [potion of mutation]
161130 | Pan      | Lost mutation: Your system is resistant to poisons. (rPois)
                  | [potion of mutation]
161130 | Pan      | Lost mutation: You are robust. (+10% HP) [potion of
                  | mutation]
161130 | Pan      | Gained mutation: Your magical capacity is low. (-10% MP)
                  | [potion of mutation]
161130 | Pan      | Gained mutation: You possess an exceptional clarity of
                  | mind. [potion of mutation]
161268 | Pan      | Noticed Mnoleg
161275 | Pan      | Killed Mnoleg
161314 | Pan      | Got a glowing rune of Zot
161528 | Pan      | Found a glowing silver altar of Zin.
161551 | Pan      | HP: 9/186 [daeva/divine providence (12)]
162015 | Pan      | Reached skill level 10 in Stealth
162503 | Pan      | Found a white marble altar of Elyvilon.
162571 | Pan      | Identified the +12 hand axe of Sugoesor {freeze, rCorr MP+9
                  | Str-3}
162858 | Pan      | Noticed a seraph
162864 | Pan      | Killed a seraph
162865 | Pan      | Found a glowing golden altar of the Shining One.
163193 | Pan      | Got a demonic rune of Zot
163327 | Depths:3 | Escaped Pandemonium
163390 | Depths:3 | Lost mutation: Your magical capacity is low. (-10% MP)
                  | [potion of mutation]
163390 | Depths:3 | Lost mutation: You possess an exceptional clarity of mind.
                  | [potion of mutation]
163390 | Depths:3 | Gained mutation: You are partially covered in iridescent
                  | scales. (AC +2) [potion of mutation]
163390 | Depths:3 | Gained mutation: Your flesh is heat resistant. (rF+)
                  | [potion of mutation]
163390 | Depths:3 | Gained mutation: You passively map a small area around you.
                  | [potion of mutation]
164282 | Tomb:1   | Entered Level 1 of the Tomb of the Ancients
164571 | Tomb:1   | Noticed a royal mummy
164579 | Tomb:1   | Killed a royal mummy
165436 | Tomb:1   | Noticed a royal mummy
165437 | Tomb:1   | Noticed a royal mummy
165437 | Tomb:1   | Noticed a royal mummy
165437 | Tomb:1   | Noticed a royal mummy
165447 | Tomb:1   | Noticed a royal mummy
165449 | Tomb:1   | Killed a royal mummy
165449 | Tomb:1   | Killed a royal mummy
165449 | Tomb:1   | Killed a royal mummy
165450 | Tomb:1   | Killed a royal mummy
165456 | Tomb:1   | Killed a royal mummy
165518 | Tomb:1   | Noticed a royal mummy
165529 | Tomb:1   | Killed a royal mummy
165530 | Tomb:1   | Noticed a royal mummy
165535 | Tomb:1   | Killed a royal mummy
165541 | Tomb:1   | Noticed a royal mummy
165554 | Tomb:1   | Killed a royal mummy
165556 | Tomb:1   | Noticed a royal mummy
165560 | Tomb:1   | Killed a royal mummy
165581 | Tomb:1   | Noticed a royal mummy
165588 | Tomb:1   | Killed a royal mummy
165735 | Tomb:1   | Noticed a royal mummy
165750 | Tomb:1   | Killed a royal mummy
165774 | Tomb:1   | Noticed a royal mummy
165779 | Tomb:1   | Noticed a royal mummy
165782 | Tomb:1   | Killed a royal mummy
165798 | Tomb:1   | Killed a royal mummy
165811 | Tomb:1   | Noticed a royal mummy
165826 | Tomb:1   | Killed a royal mummy
165826 | Tomb:1   | Noticed a royal mummy
165841 | Tomb:1   | Noticed a royal mummy
165841 | Tomb:1   | Noticed a royal mummy
166274 | Tomb:1   | Killed a royal mummy
166280 | Tomb:1   | Killed a royal mummy
166343 | Tomb:1   | Noticed a royal mummy
166354 | Tomb:1   | Killed a royal mummy
166356 | Tomb:1   | Killed a royal mummy
166536 | Tomb:1   | Noticed a royal mummy
166543 | Tomb:1   | Killed a royal mummy
166648 | Tomb:1   | Noticed a royal mummy
166655 | Tomb:1   | Killed a royal mummy
166823 | Tomb:2   | Noticed a royal mummy
166824 | Tomb:2   | Noticed a royal mummy
166825 | Tomb:2   | Noticed a royal mummy
166825 | Tomb:2   | Noticed a royal mummy
166836 | Tomb:2   | Killed a royal mummy
166836 | Tomb:2   | Killed a royal mummy
166837 | Tomb:2   | Killed a royal mummy
166838 | Tomb:2   | Killed a royal mummy
167579 | Tomb:3   | Entered Level 3 of the Tomb of the Ancients
167597 | Tomb:3   | Reached skill level 15 in Stealth
167598 | Tomb:3   | Noticed Boris
167601 | Tomb:3   | Killed Boris
167603 | Tomb:3   | Noticed Khufu
167603 | Tomb:3   | Noticed a royal mummy
167604 | Tomb:3   | Noticed a royal mummy
167606 | Tomb:3   | Killed a royal mummy
167606 | Tomb:3   | Noticed a royal mummy
167607 | Tomb:3   | Killed a royal mummy
167608 | Tomb:3   | Killed Khufu
167608 | Tomb:3   | Noticed a royal mummy
167608 | Tomb:3   | Noticed a royal mummy
167608 | Tomb:3   | Noticed a royal mummy
167609 | Tomb:3   | Noticed a royal mummy
167609 | Tomb:3   | Noticed a royal mummy
167610 | Tomb:3   | Noticed a royal mummy
167612 | Tomb:3   | Killed a royal mummy
167613 | Tomb:3   | Killed a royal mummy
167613 | Tomb:3   | Killed a royal mummy
167613 | Tomb:3   | Killed a royal mummy
167614 | Tomb:3   | Killed a royal mummy
167615 | Tomb:3   | Killed a royal mummy
167620 | Tomb:3   | Killed a royal mummy
168195 | Tomb:3   | Got a golden rune of Zot
168257 | Tomb:3   | Found the ring of the Mage {Wiz Will++ Int+3}
168300 | Tomb:3   | Identified the ring of Harmony {Ice +Blink rPois MP+9
                  | Stlth+}
168311 | Tomb:3   | Identified the +4 war axe "Jiumuese" {protect, +Rage rPois
                  | Will+ Dex+2}
168332 | Tomb:3   | Identified the +4 scale mail of Asceticism {Harm Str+2}
168342 | Tomb:3   | Identified the +1 ring mail of Wu Jian's Hatred {rF+ rCorr
                  | Int+3}
168348 | Tomb:3   | Identified the ring of Soubagum {AC+4 Dex+2 Slay+4}
169718 | Vaults:1 | Bought a scroll of immolation for 98 gold pieces
170706 | Zig:1    | Entered Level 1 of a ziggurat
170804 | Zig:2    | Entered Level 2 of a ziggurat
170843 | Zig:3    | Entered Level 3 of a ziggurat
170846 | Zig:3    | Noticed Fuowkim the pandemonium lord
170856 | Zig:3    | Killed Fuowkim the pandemonium lord
170931 | Zig:4    | Entered Level 4 of a ziggurat
170935 | Zig:4    | Found the +3 pair of gauntlets of War {Slay+5}
170947 | Zig:4    | Identified the +3 long sword of the Forgotten Mouths {vamp,
                  | rF+ rC+++ Str-4 SInv}
170974 | Zig:5    | Entered Level 5 of a ziggurat
170979 | Zig:5    | Noticed a royal mummy
170982 | Zig:5    | Killed a royal mummy
171072 | Zig:5    | Acquired 840 gold pieces
171078 | Zig:6    | Entered Level 6 of a ziggurat
171107 | Zig:6    | Found the amulet of the Air {Inacc Air Fly rElec RMsl}
171195 | Zig:6    | Identified the +0 ring mail of the Game Afoot {Str+2 Int+4
                  | Slay-3 Stlth+}
171201 | Zig:6    | Identified the amulet "Kaguw" {Faith *Corrode rF+++ Regen+
                  | Slay-4}
171208 | Zig:7    | Entered Level 7 of a ziggurat
171232 | Zig:7    | Identified the +4 scimitar "wakim's Regret" {freeze, MP+9
                  | Int+4}
171238 | Zig:8    | Entered Level 8 of a ziggurat
171280 | Zig:9    | Entered Level 9 of a ziggurat
171313 | Zig:9    | Found the +7 lajatang of Order {silver, rMut}
171361 | Zig:9    | Identified the +9 hand axe of Archy {venom, Int+4}
171362 | Zig:9    | Identified the +9 quarterstaff of Hubris {vorpal, Fragile
                  | rC+ rCorr}
171386 | Zig:10   | Entered Level 10 of a ziggurat
171447 | Zig:11   | Entered Level 11 of a ziggurat
171493 | Zig:11   | Noticed a juggernaut
171494 | Zig:11   | Noticed a juggernaut
171495 | Zig:11   | Found the +4 moon troll leather armour {Spirit, Regen++
                  | MP+5}
171495 | Zig:11   | Noticed a juggernaut
171496 | Zig:11   | Noticed a juggernaut
171497 | Zig:11   | Killed a juggernaut
171499 | Zig:11   | Killed a juggernaut
171499 | Zig:11   | Killed a juggernaut
171499 | Zig:11   | Killed a juggernaut
171534 | Zig:11   | Identified the +6 falchion of Listroar {pain, Fly rPois
                  | Will- Int+4}
171536 | Zig:11   | Identified the +4 ring mail of the Mackerel {Rampage rF-
                  | Int+6 SInv}
171538 | Zig:11   | Identified the +5 scale mail "Dagum" {rC+ Will+}
171542 | Zig:11   | Identified the +1 hunting sling "Huiwneka" {vorpal, rF+
                  | rN++}
171668 | Zig:12   | Entered Level 12 of a ziggurat
171722 | Zig:12   | Identified the +3 mace of the Final Decision {speed, rC+}
171730 | Zig:12   | Identified the +1 scale mail of the Skies Above {Will+
                  | Slay+2}
171736 | Zig:12   | Identified the +7 spear "Tiruimm" {venom, +Blink Str-5
                  | Int+4 Stlth+}
171879 | Zig:13   | Entered Level 13 of a ziggurat
171884 | Zig:13   | Noticed an ancient lich
171890 | Zig:13   | Killed an ancient lich
171890 | Zig:13   | Noticed a dread lich
171893 | Zig:13   | Killed a dread lich
171900 | Zig:13   | Identified the +8 flail of Aqoluikh {freeze, rElec rPois
                  | Str+4 Dex-3}
171979 | Zig:14   | Entered Level 14 of a ziggurat
172026 | Zig:15   | Entered Level 15 of a ziggurat
172050 | Zig:15   | Identified the +7 trident of Wounding {venom, *Corrode
                  | Will+ Str+4 Dex+3}
172052 | Zig:15   | Identified the +10 glaive of the Battered Seers {flame,
                  | Contam rElec rF+ Str+7 Stlth-}
172055 | Zig:15   | Identified the ring "Reikhlip" {rElec rF+ MP-9 Int+6 Dex+6}
172061 | Zig:15   | Identified the +0 plate armour of Jer Ycri {-Cast rCorr
                  | Str+8 Slay-6}
172065 | Zig:15   | Identified the +2 falchion "Winyo" {elec, rElec rF+ rC++
                  | Str+3}
172145 | Zig:16   | Entered Level 16 of a ziggurat
172164 | Zig:16   | Found the +8 trident of the Octopus King {venom, rElec
                  | rPois Will+}
172177 | Zig:16   | Identified the +3 morningstar of Mana {flame, rF+ rC+ rN+}
172186 | Zig:16   | Identified the +2 hunting sling "Laikhloa" {venom, rF++}
172199 | Zig:16   | Identified the amulet "Timpidgh" {Acrobat rC+ rN+ Int+3}
172204 | Zig:16   | Identified the amulet "Joer" {Reflect MP+9 Dex+2 SH+5}
172206 | Zig:16   | Identified the +8 flail of Slow Death {vorpal, rElec rCorr}
172282 | Zig:17   | Entered Level 17 of a ziggurat
172288 | Zig:17   | Noticed a dread lich
172298 | Zig:17   | Killed a dread lich
172301 | Zig:17   | Found the +8 mithril axe "Arga" {speed, Will+}
172313 | Zig:17   | Identified the +1 pearl dragon scales "Qostriv" {rN+
                  | Slay+3}
172401 | Zig:17   | Identified the +10 rapier of the Heavens {chaos, rElec}
172407 | Zig:17   | Identified the +6 executioner's axe of Doom {antimagic, Fly
                  | rPois rN+}
172410 | Zig:17   | Identified the amulet "Luym" {Drain rN+ Will+ Regen+}
172454 | Zig:18   | Entered Level 18 of a ziggurat
172646 | Zig:18   | Identified the +3 scale mail "Xeahace" {rElec Will- Dex+5}
172673 | Zig:18   | Reached skill level 27 in Conjurations
172781 | Zig:19   | Entered Level 19 of a ziggurat
172790 | Zig:19   | Noticed a royal mummy
172790 | Zig:19   | Noticed a royal mummy
172790 | Zig:19   | Noticed a royal mummy
172790 | Zig:19   | Noticed a royal mummy
172791 | Zig:19   | Noticed a dread lich
172791 | Zig:19   | Noticed a royal mummy
172792 | Zig:19   | Noticed a royal mummy
172792 | Zig:19   | Noticed a royal mummy
172792 | Zig:19   | Noticed a royal mummy
172795 | Zig:19   | Killed a royal mummy
172796 | Zig:19   | Killed a royal mummy
172796 | Zig:19   | Killed a royal mummy
172796 | Zig:19   | Killed a royal mummy
172796 | Zig:19   | Killed a dread lich
172796 | Zig:19   | Killed a royal mummy
172797 | Zig:19   | Killed a royal mummy
172797 | Zig:19   | Killed a royal mummy
172797 | Zig:19   | Killed a royal mummy
173142 | Zig:19   | Identified the +1 robe "Gidit" {rN+}
173145 | Zig:19   | Identified the +0 morningstar of the Empty Page {drain,
                  | rPois rC- rN+}
173152 | Zig:19   | Identified the +6 hand axe "Ontetoum" {antimagic, rC+ rN++}
173157 | Zig:19   | Got the Tome of the Evil Oath
173158 | Zig:19   | Identified the +12 dagger of a volcano {venom, rElec Int+3
                  | Dex+4}
173161 | Zig:19   | Identified the +9 trident "Xiuhoc" {spect, Str+9 Int+4}
173198 | Zig:20   | Entered Level 20 of a ziggurat
173221 | Zig:20   | Found the +9 sword of Zonguldrok {reap}
173339 | Zig:20   | Identified the +0 mace of Quick Death {vorpal, rC+}
173344 | Zig:20   | Identified the +0 hand axe of Zeaxzem {freeze, rC+}
173347 | Zig:20   | Identified the +10 hand crossbow "Rozaesmouxt" {venom, Fly
                  | Int+5 Dex+3}
173355 | Zig:20   | Identified the +0 scale mail of Syndicalism {rPois}
173510 | Zig:21   | Entered Level 21 of a ziggurat
173524 | Zig:21   | Noticed a dread lich
173528 | Zig:21   | Killed a dread lich
173528 | Zig:21   | Noticed a dread lich
173531 | Zig:21   | Found the +5 demon whip "Spellbinder" {antimagic, Will+}
173533 | Zig:21   | Killed a dread lich
173633 | Zig:21   | Identified the +0 shortbow "Meih" {venom, rC+}
173658 | Zig:21   | Identified the ring of the Crushed Violins {+Blink rElec
                  | rC+ Slay+3}
173664 | Zig:21   | Identified the ring of Symmetry {Fly rElec rN+ Int+3
                  | Slay+2}
173718 | Zig:22   | Entered Level 22 of a ziggurat
173733 | Zig:22   | Paralysed by an air elemental for 1 turns
173740 | Zig:22   | Paralysed by an air elemental for 1 turns
173747 | Zig:22   | Found the ring of Shadows {Umbra +Inv Stlth+}
173943 | Zig:22   | Identified the amulet of the Thirteen Wars {Faith Int+5
                  | Dex-4 Stlth+}
174013 | Zig:23   | Entered Level 23 of a ziggurat
174177 | Zig:23   | Identified the ring "Jofrewaune" {rF+ rC+}
174180 | Zig:23   | Identified the +9 hunting sling of the Protecting Moth
                  | {venom, Will+ Dex+2}
174194 | Zig:23   | Identified the +5 morningstar of Noon {pain, Int+4}
174197 | Zig:23   | Identified the +8 hunting sling "Kueke" {freeze, rC+ Will+}
174201 | Zig:23   | Identified the ring of the Doge {Drain rElec rF+ Will+}
174264 | Zig:24   | Entered Level 24 of a ziggurat
174495 | Zig:24   | Identified the +8 broad axe of the Dancing Soothsayer
                  | {flame, rElec}
174498 | Zig:24   | Identified the +9 short sword of the Realm of Zot {flame,
                  | Fly rPois Dex+4}
174503 | Zig:24   | Identified the amulet "Disaf" {Spirit Rampage *Corrode
                  | rPois rN+}
174509 | Zig:24   | Identified the +8 rapier "Dragonslayer" {drain, rPois rCorr
                  | Str+4 Stlth-}
174566 | Zig:25   | Entered Level 25 of a ziggurat
174572 | Zig:25   | Noticed a juggernaut
174572 | Zig:25   | Noticed a juggernaut
174573 | Zig:25   | Noticed a juggernaut
174573 | Zig:25   | Noticed a juggernaut
174574 | Zig:25   | Noticed a juggernaut
174575 | Zig:25   | Noticed a juggernaut
174576 | Zig:25   | Noticed a juggernaut
174577 | Zig:25   | Noticed a juggernaut
174578 | Zig:25   | Killed a juggernaut
174578 | Zig:25   | Killed a juggernaut
174578 | Zig:25   | Killed a juggernaut
174579 | Zig:25   | Killed a juggernaut
174579 | Zig:25   | Killed a juggernaut
174579 | Zig:25   | Noticed a juggernaut
174579 | Zig:25   | Noticed a juggernaut
174580 | Zig:25   | Killed a juggernaut
174580 | Zig:25   | Killed a juggernaut
174580 | Zig:25   | Killed a juggernaut
174581 | Zig:25   | Noticed a juggernaut
174581 | Zig:25   | Noticed a juggernaut
174582 | Zig:25   | Killed a juggernaut
174582 | Zig:25   | Killed a juggernaut
174583 | Zig:25   | Killed a juggernaut
174583 | Zig:25   | Noticed a juggernaut
174583 | Zig:25   | Noticed a juggernaut
174585 | Zig:25   | Killed a juggernaut
174585 | Zig:25   | Noticed a juggernaut
174587 | Zig:25   | Killed a juggernaut
174587 | Zig:25   | Killed a juggernaut
174587 | Zig:25   | Killed a juggernaut
174779 | Zig:25   | Identified the ring of Wafaj {rN++ Str+6 Dex+3}
174836 | Zig:26   | Entered Level 26 of a ziggurat
174855 | Zig:26   | Paralysed by a floating eye for 2 turns
174942 | Zig:26   | Identified the ring "Zapuynt" {rElec rPois rN++ Will-
                  | Int+3}
174947 | Zig:26   | Identified the +9 mace "Juotiely" {spect, *Noise Will+
                  | Dex+4}
174956 | Zig:26   | Identified the ring of Porhia {Fly rElec}
174963 | Zig:26   | Identified the +3 glaive of Woe {vorpal, rElec rF- rC+}
174970 | Zig:26   | Identified the +9 mace "Ipeag" {freeze, Fragile rPois rN+
                  | rCorr}
175033 | Zig:27   | Entered Level 27 of a ziggurat
175039 | Zig:27   | Noticed a royal mummy
175039 | Zig:27   | Noticed a royal mummy
175040 | Zig:27   | Noticed a royal mummy
175041 | Zig:27   | Noticed a royal mummy
175043 | Zig:27   | Noticed a royal mummy
175046 | Zig:27   | Killed a royal mummy
175047 | Zig:27   | Reached skill level 27 in Ice Magic
175047 | Zig:27   | Killed a royal mummy
175047 | Zig:27   | Killed a royal mummy
175047 | Zig:27   | Killed a royal mummy
175047 | Zig:27   | Noticed a royal mummy
175048 | Zig:27   | Killed a royal mummy
175048 | Zig:27   | Noticed a royal mummy
175049 | Zig:27   | Noticed a royal mummy
175049 | Zig:27   | Noticed a royal mummy
175050 | Zig:27   | Killed a royal mummy
175050 | Zig:27   | Noticed a royal mummy
175050 | Zig:27   | Noticed a royal mummy
175051 | Zig:27   | Killed a royal mummy
175051 | Zig:27   | Noticed a royal mummy
175052 | Zig:27   | Killed a royal mummy
175053 | Zig:27   | Killed a royal mummy
175053 | Zig:27   | Killed a royal mummy
175053 | Zig:27   | Killed a royal mummy
175055 | Zig:27   | Noticed a royal mummy
175055 | Zig:27   | Killed a royal mummy
175055 | Zig:27   | Noticed a royal mummy
175056 | Zig:27   | Noticed a royal mummy
175057 | Zig:27   | Noticed a royal mummy
175059 | Zig:27   | Killed a royal mummy
175059 | Zig:27   | Killed a royal mummy
175060 | Zig:27   | Killed a royal mummy
175061 | Zig:27   | Killed a royal mummy
175302 | Zig:27   | Identified the +1 plate armour of Weirdness {rF++ Will-
                  | Dex+5 SInv}
175304 | Zig:27   | Identified the ring "Xeiwkypt" {Contam Str+2 Int+6 SInv}
175308 | Zig:27   | Identified the ring "Tefeneu" {rPois Dex+2}
175313 | Zig:27   | Identified the +6 spear of Analysis {speed, rF+ Str+6
                  | Int-3}
175318 | Zig:27   | Identified the ring of Xom's Flight of Fancy {EV+4 Str+3
                  | SInv}
175334 | Zig:27   | Identified the +5 great mace of Context {vorpal, Will+
                  | Int+3}
175801 | Zot:5    | Got the Orb of Zot
176361 | D:1      | Noticed a seraph
176372 | D:1      | Killed a seraph
176389 | D:$      | Escaped with the Orb!

Illustrated notes

Levels and vault maps discovered:
D:1:      dpeg_arrival_oval, layout_basic, hellmonk_ecumenical_altar_arch_garden
D:2:      layout_loops_ring, hangedman_glass_teeth, minmay_strange_pillars
D:3:      minmay_skewed_foursquare, layout_basic, roderic_lattice_a,
          minmay_misc_feat_rugged, columned_hall_lemuel, minivault_14
D:4:      layout_loops_ring, serial_shops, shop, shop, nicolae_shop_statue_plus,
          kennysheep_generic_room_5
D:5:      layout_cave_pools, minmay_temple_entry_large_hall,
          gammafunk_ghost_hive, uniq_blork_the_orc, uniq_pikel
D:6:      layout_basic, hangedman_decor_slide_cut,
          hangedman_abyss_or_decor_stagger, nicolae_take_the_stairs
D:7:      layout_cave_pools, uniq_menkaure
D:8:      cheibrodos_fzero, layout_basic, lair_entry_dummy, serial_shops,
          kennysheep_little_box
D:9:      layout_small_grid
D:10:     layout_roguey, mainiacjoe_overflow_24_doors, serial_shops, shop,
          minivault_11
D:11:     layout_big_octagon, hiddenorc2_lemuel, gammafunk_ghost_grave,
          xom_shifter_show, uniq_erica
D:12:     minmay_the_grid_square_5x5_4x4_mashed
          [minmay_the_grid_square_5x5_tri_point, minmay_the_grid_square_5x5_meh,
          minmay_the_grid_square_5x5_checkered,
          minmay_the_grid_square_5x5_moneybag,
          minmay_the_grid_square_5x5_pentomino_r,
          minmay_the_grid_square_5x5_prize_itemx,
          minmay_the_grid_square_5x5_prize_monsterx,
          minmay_the_grid_square_5x5_trominoes,
          minmay_the_grid_square_5x5_seven,
          minmay_the_grid_square_5x5_prize_rear_guard,
          minmay_the_grid_square_5x5_prize_waves,
          minmay_the_grid_square_5x5_doubleslash,
          minmay_the_grid_square_5x5_beaten_path,
          minmay_the_grid_square_5x5_intrusive_squares,
          minmay_the_grid_square_5x5_bite,
          minmay_the_grid_square_5x5_six_small], layout_cave_pods, zin_angel
D:13:     minmay_two_paths, layout_rooms, portal_ice_cave_entry_ice_simulacra
D:14:     layout_stronghold, grunt_vaults_entry_tiered, serial_column_ruins,
          column_ruins_hut_pillars, column_ruins_open_tiny,
          column_ruins_columns_T, column_ruins_open_tiny_water,
          column_ruins_columns_water, gauntlet_entry_generic, fungi_pond_lemuel,
          hangedman_abyss_or_decor_passed, hangedman_aviary
D:15:     gammafunk_depths_entry_grave, layout_small_grid
Temple:   minmay_crystal_snake_temple
Lair:1:   minmay_guarded_unrand_snakebite, layout_regular_city
Lair:2:   layout_concentric_octagons, beast_lair_carwin_2
Lair:3:   layout_cave_pods
Lair:4:   layout_layer_cave, minmay_swamp_entry_reptiles,
          spider_nest_entry_webs, forest_entry_grove
Lair:5:   layout_concentric_octagons, basic_altar, uniq_josephine
Lair:6:   due_jungle_book, layout_gridlike, dpeg_slime_entry_enclosed_altar,
          nicolae_lair_grove_arrangements, chequers_serial_rivers_large_a,
          lemuel_old_faithful
Swamp:1:  layout_basic_swamp, serial_swamp_ruin, evilmike_swamp_ruin_house_5,
          evilmike_swamp_ruin_house_1
Swamp:2:  layout_falls_marsh, evilmike_swamp_ruin_house_4,
          nzn_swamp_stair_ambush
Swamp:3:  layout_basic_swamp, evilmike_swamp_ruin_house_3
Swamp:4:  swamp_alternative, layout_basic_swamp, infiniplex_staircase_pool
Spider:1: layout_spider_delve
Spider:2: layout_spider_delve, nicolae_spider_not_touching_you
Spider:3: layout_spider_delve, hangedman_stitches_earthworm, uniq_bai_suzhen,
          uniq_nikola
Spider:4: spider_rune_water, nicolae_spider_stair_cavern
Slime:1:  layout_caves, nicolae_slime_ancient_tower_intersection
Slime:2:  cheibrodos_slime_lost_civilization_8, layout_caves,
          nicolae_slime_barrier, cheibrodos_slime_lost_civilization_4
Slime:3:  layout_caves
Slime:4:  layout_caves
Slime:5
Orc:1:    emtedronai_trogs_sanctum, layout_diamond_mine
Orc:2:    pf_orc_diabolical, layout_caves, uniq_snorg
Elf:1:    eino_elf_arrival_customs, layout_geoelf_octagon, basic_altar,
          minivault_28, minmay_misc_feat_cross, uniq_asterion, uniq_agnes,
          uniq_roxanne
Elf:2:    elven_hall_of_blades_hangedman_original
          [nicolae_blade_entry_hurt_lockers], layout_loops_corners,
          serial_shops, shop
Elf:3:    minmay_elf_hall_furrowed, layout_loops_ring, hangedman_summoners_spam
Vaults:1: v_pattern_4, hangedman_vaults_pinch, hangedman_vaults_cutoff,
          vaults_room_fours, ontoclasm_vaults_chip, nicolae_vaults_asterisk,
          vaults_room_door_hall, nicolae_vaults_little_squares_1,
          nicolae_vaults_hallways_thing, vaults_dpeg_diagonal,
          layout_vaults_omnibox, serial_shops, bzr_firewalk, shop, shop
Vaults:2: vaults_room_semicircle, nicolae_vaults_little_squares_3,
          grunt_vaults_diagonal, v_misc_13, vaults_room_glass_cross,
          v_alt_pattern_1, ontoclasm_vaults_spin, minmay_crypt_entry_simple_box,
          vaults_dpeg_hooks, layout_vaults_quadrants, serial_shops, shop,
          portal_desolation_entry_salt
Vaults:3: vaults_mumra_hexcomb, v_misc_26, grunt_vaults_trifunnel,
          nicolae_vaults_statue_guard, vaults_room_door_hall,
          vaults_room_semicircle, hangedman_vaults_unwind,
          hangedman_vaults_nails, v_misc_23, nicolae_vaults_little_squares_2,
          vaults_room_stairs_pillars, layout_vaults_maze_bifur, serial_shops,
          shop_statue
Vaults:4: nicolae_vaults_network_quinsquares
          [nicolae_vaults_network_quincunx_subvault,
          nicolae_vaults_network_quincunx_subvault,
          nicolae_vaults_network_quincunx_subvault,
          nicolae_vaults_network_quincunx_subvault], vaults_room_pools,
          nicolae_vaults_rhombus_6, hangedman_vaults_hard_town_square,
          nicolae_vaults_triangles, nicolae_vaults_what_the_h,
          grunt_vaults_hallway_short, vaults_dpeg_ring,
          ontoclasm_vaults_ring_square, vaults_room_pools, grunt_vaults_focal,
          nicolae_vaults_border_crossing, vaults_mumra_hex,
          hangedman_vaults_maws, nicolae_vaults_ring_of_whatevers,
          vaults_room_grid, layout_vaults_omnicross
Vaults:5: serial_shops
Crypt:1:  layout_misc_corridors, grunt_crypt_arrival_webbed, uniq_mennas
Crypt:2:  layout_catacombs
Crypt:3:  due_elkab, layout_chaotic_city, uniq_saint_roka
Tomb:1
Tomb:2
Tomb:3:   uniq_boris, uniq_khufu
Depths:1: layout_cave_shapes, lemuel_blue_sif_altar, grunt_hell_entry_dis_old,
          fountainhead, kennysheep_two_boxes, grunt_megastairs_5, uniq_sojobo
Depths:2: grunt_profane_halls [grunt_profane_temple_coc,
          grunt_profane_temple_tar, grunt_profane_temple_geh,
          grunt_profane_temple_dis, grunt_profane_loot], hell_entry
Depths:3: kennysheep_gozag_temple, layout_cave_shapes, abyss_entry_flame_altar,
          grunt_pan_entry_sceptre, hell_entry, minmay_metal_thing,
          firewood_loft, infiniplex_staircase_zigzag_2, uniq_mara, uniq_jory
Depths:4: minmay_open_boxes_in_corner, layout_honeycomb, enter_ziggurat_c,
          enter_trove_1, nicolae_abyss_entry_one_way_or_another,
          lightli_too_deep, fedhas_altar_fruit_tree, serial_bayou_shore_a,
          infiniplex_staircase_pool_2, minmay_shop_star
Depths:5: grunt_zot_entry_gee_three, layout_small_grid, abyss_entry,
          nicolae_qazlal_scattered_showers, hell_entry, uniq_frederick,
          uniq_margery
Hell
Dis:1:    layout_jigsaw, hangedman_player_shredder
Dis:2:    layout_gridville
Dis:3:    layout_chaotic_city
Dis:4:    lemuel_mystery_crypt, layout_regular_city
Dis:5:    layout_regular_city
Dis:6:    layout_jigsaw
Dis:7:    iron_city_of_dis [dis_grunt, dis_wall_1], layout_chaotic_city,
          not_door_vault_due
Geh:1:    layout_gehenna_lava_caves
Geh:2:    layout_gehenna_lava_caves
Geh:3:    layout_gehenna_lava_caves
Geh:4:    layout_gehenna_pools_basic, nicolae_geh_sunburst
Geh:5:    layout_gehenna_pools_basic
Geh:6:    layout_gehenna_pools_basic
Geh:7:    geh_old
Coc:1:    layout_cocytus_water_paths
Coc:2:    layout_cocytus_water_paths
Coc:3:    layout_ice_bergs
Coc:4:    layout_cocytus_water_paths
Coc:5:    layout_ice_bergs
Coc:6:    layout_cocytus_water_paths
Coc:7:    coc_mu
Tar:1:    grunt_deathspiral_small, layout_cathedral_of_symmetry,
          nicolae_tar_cuneiform_water
Tar:2:    layout_catacombs, evilmike_ambush [evilmike_ambush_outer_corners,
          evilmike_ambush_inner_pond]
Tar:3:    layout_catacombs
Tar:4:    hangedman_damned_closets, layout_cathedral_of_symmetry
Tar:5:    layout_catacombs
Tar:6:    layout_grid_maze, nicolae_tar_cuneiform_to_be, grunt_megastairs_4
Tar:7:    tar_mu [tar_mu_maze]
Zot:1:    layout_concentric_octagons, st_stairs_7, grunt_ministairs_4
Zot:2:    layout_basic
Zot:3:    layout_cathedral_of_symmetry, ebering_ghost_inner_flame,
          st_large_dragon_hoard_3, grunt_megastairs_2
Zot:4:    layout_gridlike, grunt_ministairs_8, grunt_megastairs_3
Zot:5:    layout_gridlike, nicolae_zot_crop_circle

Skill      XL: |  1  2  3  4  5  6  7  8  9 10 11 12 13 14 15 16 17 18 19 20 21 22 23 24 25 26 27 |
---------------+----------------------------------------------------------------------------------+-----
Conjurations   | 5 6 8 9 10 11 13 14 15 16 18 19 20 21 22 27 | 27.0
Spellcasting   | 4 6 8 10 12 14 15 16 17 18 19 21 22 27 | 27.0
Dodging        | 4 7 8 9 10 11 12 14 15 16 17 18 25 | 25.6
Fighting       | 1 3 5 8 9 10 12 13 14 24 | 24.8
Translocations | 3 6 12 | 12.0
Shields        | 3 4 25 | 25.0
Evocations     | 1 6 8 10 11 12 15 | 15.0
Short Blades   | 5 8 9 10 | 10.0
Armour         | 4 5 6 8 13 | 13.3
Fire Magic     | 4 5 7 9 12 13 15 17 19 20 21 22 25 | 25.5
Earth Magic    | 3 5 7 9 10 11 12 25 | 25.5
Ice Magic      | 3 6 11 14 15 27 | 27.0
Air Magic      | 2 3 5 7 9 25 | 25.0
Staves         | 3 6 8 10 11 12 | 12.0
Necromancy     | 24 | 24.6
Transmutations | 24 | 24.0
Stealth        | 21 | 21.6

Action                   |  1- 3 |  4- 6 |  7- 9 | 10-12 | 13-15 | 16-18 | 19-21 | 22-24 | 25-27 || total
-------------------------+-------+-------+-------+-------+-------+-------+-------+-------+-------++-------
Melee: Dagger            |       |       |    11 |       |       |       |       |       |       ||    11
       Rapier            |       |       |       |    91 |    77 |    80 |       |       |       ||   248
       Staff             |       |       |       |       |       |     8 |   254 |   305 |  3044 ||  3611
       Headbutt          |       |       |       |       |       |       |       |       |   469 ||   469
 Cast: Magic Dart        |    28 |       |     3 |    12 |    11 |       |       |       |       ||    54
       Searing Ray       |    26 |    41 |    53 |   177 |   282 |   263 |    32 |       |       ||   874
       Iskenderun's Myst |       |       |     1 |    17 |    34 |    51 |    45 |     1 |     8 ||   157
       Iskenderun's Batt |       |       |       |    34 |   149 |   150 |    32 |     2 |       ||   367
       Bolt of Magma     |       |       |       |       |    79 |   103 |   155 |    24 |    73 ||   434
       Starburst         |       |       |       |       |       |    88 |    34 |     2 |    63 ||   187
       Ozocubu's Refrige |       |       |       |       |       |    16 |   265 |   279 |    78 ||   638
       Ozocubu's Armour  |       |       |       |       |       |       |    10 |     6 |    16 ||    32
       Ignition          |       |       |       |       |       |       |       |    85 |   412 ||   497
       Fire Storm        |       |       |       |       |       |       |       |     5 |   242 ||   247
       Polar Vortex      |       |       |       |       |       |       |       |       |   710 ||   710
       Chain Lightning   |       |       |       |       |       |       |       |       |   706 ||   706
       Necromutation     |       |       |       |       |       |       |       |       |    66 ||    66
       Shatter           |       |       |       |       |       |       |       |       |    49 ||    49
       Maxwell's Capacit |       |       |       |       |       |       |       |       |    26 ||    26
       Dispersal         |       |       |       |       |       |       |       |       |     5 ||     5
Evoke: Wand              |       |       |       |       |       |       |       |       |     9 ||     9
  Use: Scroll            |     3 |     5 |     1 |    14 |    10 |     3 |     6 |     2 |    26 ||    70
       Potion            |       |       |       |     1 |     4 |     4 |     4 |       |    40 ||    53
 Stab: Sleeping          |       |       |     1 |     5 |     1 |       |     1 |     3 |     6 ||    17
       Distracted        |       |       |       |       |       |       |       |       |     4 ||     4
Armor: Robe              |       |     3 |    14 |       |       |       |       |       |       ||    17
       Leather armour    |       |       |    18 |    69 |   158 |   250 |   196 |   137 |  1702 ||  2530
       Pearl dragon scal |       |       |       |       |       |       |       |       |    58 ||    58
       Scale mail        |       |       |       |       |       |       |       |       |    14 ||    14
Dodge: Dodged            |     4 |     5 |    77 |   194 |   392 |   404 |   245 |   195 |  2130 ||  3646
Block: Buckler           |       |       |     3 |    78 |   109 |   279 |   183 |   172 |  1086 ||  1910
       Reflection        |       |       |       |       |       |    16 |    17 |    34 |   101 ||   168
       Tower shield      |       |       |       |       |       |       |       |       |  2315 ||  2315
